 Dungeon Crawl Stone Soup version 0.29.0-15-g675c0067aa (webtiles) character file.

Game seed: 697962406735395984

369062 qw the Slayer (level 21, -7/213 (215) HPs)
             Began as a Minotaur Berserker on Sept 11, 2022.
             Was an Elder of Trog.
             Mangled by a tengu reaver
             ... wielding a +1 great sword of draining
              (26 damage)
             ... on level 2 of the Depths.
             The game lasted 00:24:08 (54047 turns).

qw the Slayer (Minotaur Berserker)                 Turns: 54047, Time: 00:24:08

HP:   -7/213 (215)  AC: 42    Str: 32    XL:     21   Next: 65%
MP:   20/20         EV: 13    Int: 10    God:    Trog [****..]
Gold: 1692          SH: 26    Dex: 11    Spells: 20/20 levels left

rFire   + + .      SeeInvis .   j - +4 war axe (vamp)
rCold   + + .      Faith    .   s - +0 tower shield
rNeg    + . .      Spirit   .   D - +8 plate armour {Will+}
rPois   +          Reflect  +   E - -2 hat of the Alchemist {rElec rPois rF+ rC+ rN+ Will+ rMut rCorr}
rElec   +          Harm     .   f - scarf {rC+ rF+}
rCorr   +          Rampage  .   m - +2 pair of gloves "Unomedat" {Will- Int+6}
rMut    +                       u - +2 pair of boots
Will    ++...                   l - amulet of reflection
Stlth   ..........              i - +4 ring of protection
HPRegen 0.45/turn               a - +4 ring of protection
MPRegen 0.17/turn

@: about to teleport, on berserk cooldown, slowed, lightly drained, very slow
A: horns 2, retaliatory headbutt, MP-powered wands
}: 2/15 runes: serpentine, barnacled
a: Renounce Religion, Berserk, Trog's Hand, Brothers in Arms


You were on level 2 of the Depths.
You worshipped Trog.
Trog was greatly pleased with you.
You visited 7 branches of the dungeon, and saw 36 of its levels.
You visited the Abyss 1 time.
You also visited: Sewer and Gauntlet.

You collected 3692 gold pieces.
You spent 2000 gold pieces at shops.


Innate Abilities, Weirdness & Mutations

You have a pair of horns on your head.
You reflexively headbutt those who attack you in melee.
You expend magic power (3 MP) to strengthen your wands.


   Skills:
 - Level 24.4 Fighting
 - Level 18.0 Axes
 - Level 13.0 Throwing
 - Level 22.0 Armour
 - Level 14.0 Dodging
 + Level 21.8 Shields


You had 20 spell levels left.
You didn't know any spells.
Your spell library was empty.

Inventory:

Hand Weapons
 j - a +4 vampiric war axe (weapon)
Missiles
 v - 9 javelins (quivered)
 z - 2 boomerangs of dispersal
 C - 24 boomerangs
 G - 4 silver javelins
Armour
 b - a +3 plate armour of fire resistance
 f - a scarf of resistance (worn)
 g - the +1 pair of gloves of Aptetz {rC- Dex+5}
   (You found it on level 9 of the Dungeon)

   Dex:       It affects your dexterity (+5).
   rC:        It makes you vulnerable to cold.
 m - the +2 pair of gloves "Unomedat" (worn) {Will- Int+6}
   (You found it on level 2 of the Dungeon)

   Int:       It affects your intelligence (+6).
   Will:      It decreases your willpower.
 o - a +2 hat
 s - a +0 tower shield (worn)
 u - a +2 pair of boots (worn)
 x - a +0 cloak
 y - the +1 cloak of New Discoveries {rF- Int+5}
   (You found it in a Gauntlet)

   Int:       It affects your intelligence (+5).
   rF:        It makes you vulnerable to fire.
 B - a +1 pair of gloves
 D - a +8 plate armour of willpower (worn)
 E - the -2 hat of the Alchemist (worn) {rElec rPois rF+ rC+ rN+ Will+ rMut rCorr}
   (You bought it in a shop on level 2 of the Orcish Mines)

   rF:        It protects you from fire.
   rC:        It protects you from cold.
   rElec:     It insulates you from electricity.
   rPois:     It protects you from poison.
   rN:        It protects you from negative energy.
   rCorr:     It protects you from acid and corrosion.
   rMut:      It protects you from mutation.
   Will:      It increases your willpower.
Jewellery
 a - a +4 ring of protection (right hand)
 i - a +4 ring of protection (left hand)
 l - an amulet of reflection (around neck)
 t - the ring of the Townfolk {rF+ Stlth+}
   (You found it in a Gauntlet)

   [ring of protection from fire]

   rF:        It protects you from fire.
   Stlth:     It makes you more stealthy.
 A - a ring of protection from fire
Scrolls
 h - 13 scrolls of teleportation
 r - 8 scrolls of identify
 w - a scroll of brand weapon
Potions
 c - 6 potions of haste
 d - 3 potions of might
 e - 15 potions of curing
 k - 8 potions of mutation
 n - 3 potions of resistance
 p - 4 potions of heal wounds
 q - 4 potions of cancellation

Dungeon Overview and Level Annotations

Branches:
Dungeon (15/15)            Temple (0/1) D:6            Lair (5/5) D:8
 Shoals (4/4) Lair:2        Snake (4/4) Lair:2        Slime (0/5) Lair:5
    Orc (2/2) D:12            Elf (0/3) Orc:2        Vaults (4/5) D:14
  Crypt (0/3) Vaults:2     Depths (2/4) D:15          Sewer (visited)
Gauntlet (visited)

Altars:
Fedhas
Makhleb
Okawaru
Ru
Uskayaw
Vehumet
Wu Jian
Yredelemnul
Jiyva

Shops:
D:4 *   D:5 (   D:8 (   D:12 (   D:13 (   Orc:1 (   Orc:2 ::[?   Snake:3 !
Vaults:4 (   Depths:1 ?(

Portals:
Hell: Depths:1
Trove: Vaults:2 (give +5 demon blade)

Annotations:
D:3 3 runed translucent doors, qw's ghost, amateur GrFi
D:14 2 transporters
Shoals:3 2 transporters, thechecker02's ghost, adept GnFi
Orc:1 1 runed translucent door
Depths:1 1 transporter


Message History

The tengu reaver pecks you but does no damage.
You block the tengu reaver's attack. The cyan very ugly thing headbutts you.
The cyan very ugly thing shocks you! You resist.
You block the purple very ugly thing's attack.
Your life force feels restored.
You closely miss the deep troll earth mage.
The deep troll earth mage is almost dead.
You slash the cyan very ugly thing!
You feel better.
You hit the stone giant but do no damage.
You slash the deep troll! You hit the purple very ugly thing.
You feel better.
You barely miss the deep troll. You hit the tengu reaver.
You feel better. The deep troll closely misses you.
You block the deep troll's attack. x2
The deep troll earth mage bites you!
The deep troll earth mage barely misses you.
You block the deep troll earth mage's attack.
The stone giant hits you but does no damage.
The deep troll earth mage points next to the cyan very ugly thing and mumbles some strange words.
Some rock shatters into small pieces.
The tengu reaver hits you with a +1 great sword of draining!
You partially resist.
You feel drained. The tengu reaver pecks you.
The tengu reaver claws you but does no damage.
You block the cyan very ugly thing's attack.
The purple very ugly thing pecks you!
54047 ||| READING 14 scrolls of teleportation.
As you read the scroll of teleportation, it crumbles to dust.
You feel strangely unstable. You block the deep troll's attack. x3
The deep troll earth mage bites you but does no damage.
The deep troll earth mage claws you but does no damage. x2
The stone giant hits you but does no damage.
The tengu reaver completely misses you. You furiously retaliate!
You headbutt the tengu reaver!
The tengu reaver pecks you but does no damage.
The tengu reaver claws you but does no damage.
The purple very ugly thing pecks you!
The glowing orange brain pulsates.
The stone giant completely misses you.
The frost giant hits you with a +0 battleaxe of freezing!
The tengu reaver hits you with a +1 great sword of draining!!
You die...

.. ....# [..
....## ..#
#....##
#.##T....#
#...T...##
#..TuT...#
..#.#.TTu...#
.....Zu@CD..#
......CGQZ..#
.....DQTTC..#
....####.C.##
... ...C# ..
...ZZ# ?
..#...#
....... ....


You could see 3 frost giants, 2 very ugly things, a fire dragon, an ice dragon
(summoned), 2 iron trolls, 2 stone giants, a tengu reaver, a purple ugly thing,
a glowing orange brain, 4 deep trolls, 2 deep troll earth magi, a tengu conjurer
(summoned), an iron dragon simulacrum, a spriggan air mage simulacrum, a golden
dragon zombie and a sphinx skeleton.

Vanquished Creatures
  A dread lich (Abyss:2)
  Jory (Vaults:3)
  A shard shrike zombie (Abyss:2)
  4 sphinxes
  Gastronok (Lair:1)
  A tentacled starspawn (Abyss:2)
  A revenant (Vaults:2)
  A storm dragon (Shoals:4)
  2 fire giants
  A daeva (Abyss:2)
  6 orc warlords
  2 frost giants
  10 vault wardens
  A balrug (Depths:1)
  4 nagarajas
  A cacodemon (Abyss:2)
  13 ironbound preservers
  A war gargoyle (Vaults:4)
  5 stone giants
  6 very ugly things
  6 ironbound thunderhulks
  A deep elf annihilator (Vaults:1)
  A minotaur (Gauntlet)
  14 dire elephants
  A blizzard demon (Gauntlet)
  An eidolon (Vaults:2)
  A merfolk javelineer (Shoals:4)
  2 crystal guardians (Vaults:4)
  12 yaktaur captains
  6 merfolk impalers
  2 ettins (Depths:1)
  8 great orbs of eyes
  2 deep elf high priests
  5 salamander tyrants
  2 fire dragons (Depths:1)
  3 ice dragons
  3 hydras
  3 boulder beetles
  3 peacekeepers
  Harold (D:9)
  10 ironbound frosthearts
  An alligator snapping turtle (Shoals:4)
  10 vault guards
  2 death knights (D:14)
  27 centaur warriors
  2 spriggan air magi
  An ogre mage (D:15)
  9 two-headed ogres
  2 satyrs (Shoals:3)
  10 naga warriors
  A death scarab (Gauntlet)
  13 anacondas
  5 merfolk aquamancers
  A vampire mage (Vaults:2)
  4 deep troll earth magi
  20 death yaks
  A deep troll shaman (Depths:1)
  A spriggan berserker (Depths:2)
  5 tengu warriors
  2 orc high priests (Orc:2)
  5 shock serpents
  4 hell knights (Depths:1)
  10 naga sharpshooters
  A sun demon (Depths:1)
  Amaemon (Lair:2)
  Nergalle (Lair:1)
  4 skeletal warriors (D:12)
  Sonja (D:11)
  A fire crab (shapeshifter) (D:14)
  3 iron trolls (Depths:1)
  A wretched star (Abyss:2)
  3 sixfirhies (Abyss:2)
  4 salamander mystics
  A death drake (Gauntlet)
  45 deep trolls
  6 sea snakes
  A shadow dragon zombie (Vaults:4)
  7 naga ritualists
  2 phantasmal warriors
  2 sphinx zombies
  20 ironbound convokers
  12 wizards
  13 orc knights
  Pikel (D:4)
  A mana viper (shapeshifter) (Gauntlet)
  9 deep elf pyromancers
  7 necromancers
  13 lindwurms
  4 deep elf zephyrmancers (Orc:1)
  3 human zombies
  A frost giant zombie (Vaults:3)
  6 mana vipers
  13 harpies
  52 ugly things
  9 manticores
  2 orc sorcerers
  11 fauns
  22 salamanders
  10 cyclopes
  Maurice (D:9)
  8 merfolk sirens
  12 water nymphs
  9 elephants
  14 naga magi
  35 black mambas
  11 guardian serpents
  14 vault sentinels
  7 gargoyles
  A centaur zombie (Gauntlet)
  A naga zombie (Abyss:2)
  A torpor snail (Lair:5)
  A smoke demon (Depths:1)
  20 cane toads
  An orange demon (Lair:2)
  40 yaktaurs
  A rime drake (Lair:3)
  A yaktaur zombie (Vaults:2)
  10 komodo dragons
  Psyche (D:11)
  4 efreet
  An ancient zyme (Abyss:2)
  3 freezing wraiths
  An elf (Vaults:4)
  A kobold demonologist (D:11)
  4 harpy zombies (Shoals:1)
  A tengu conjurer (D:10)
  11 trolls
  3 meliai (D:14)
  13 merfolk
  A wolf spider simulacrum (D:15)
  2 polar bears
  A troll (shapeshifter) (D:14)
  A hornet (D:9)
  Prince Ribbit (Lair:2)
  5 wind drakes
  3 tyrant leeches (Lair:5)
  7 saltlings (Orc:2)
  25 blink frogs
  Grinder (D:5)
  A spectral meliai (Gauntlet)
  15 dream sheep
  A meliai zombie (Gauntlet)
  33 slime creatures
  4 large abominations (Abyss:2)
  6 snapping turtles
  7 raiju (Abyss:2)
  A stone giant simulacrum (Vaults:2)
  6 air elementals (Shoals:4)
  A spriggan (shapeshifter) (D:14)
  An ettin skeleton (Vaults:3)
  17 water elementals
  6 wyverns
  3 shadows
  A ynoxinul (Abyss:2)
  A deep troll skeleton (Vaults:3)
  A basilisk (shapeshifter) (D:15)
  6 wraiths
  36 yaks
  6 fire bats
  8 basilisks
  18 vampire mosquitoes
  2 steam dragons
  2 human simulacra
  7 wargs (Orc:2)
  Grum (D:10)
  A redback simulacrum (D:14)
  A glowing shapeshifter zombie (Vaults:4)
  2 acid dragons
  52 nagas
  12 water moccasins
  A spectral torpor snail (Gauntlet)
  A hell hound (D:8)
  4 floating eyes (D:14)
  2 floating eyes (shapeshifter)
  26 orc warriors
  A naga skeleton (Abyss:2)
  An ice beast (D:8)
  A black bear (D:6)
  A sky beast (D:7)
  An ettin simulacrum (Vaults:4)
  A manticore zombie (Shoals:1)
  6 ogres
  11 centaurs
  5 small abominations (Abyss:2)
  18 wolves
  A centaur (shapeshifter) (Vaults:1)
  3 lemures (D:4)
  6 kobold brigands
  22 bullfrogs
  3 gnoll sergeants
  2 necrophages
  2 scorpions
  4 wights
  4 killer bees (D:9)
  6 electric eels
  2 lava snakes (D:8)
  5 hounds
  A spectral boggart (Gauntlet)
  An iron imp (Abyss:2)
  2 gnoll boudas (D:7)
  14 jellies
  15 orc priests
  Ijyb (D:3)
  Natasha (thrice) (D:4)
  6 iguanas
  23 orc wizards
  21 gnolls
  10 adders
  7 river rats (Sewer)
  A shadow imp (D:7)
  6 white imps
  An ufetubus (D:6)
  4 worms
  A dart slug (D:4)
  79 orcs
  19 ball pythons
  5 bats
  5 endoplasms
  7 giant cockroaches
  11 goblins
  4 hobgoblins
  4 jackals (D:2)
  8 quokkas
  9 frilled lizards
  20 kobolds
  26 rats
  3 fire vortices (D:8)
  A pillar of salt (Orc:2)
  3 starspawn tentacles (Abyss:2)
1577 creatures vanquished.

Vanquished Creatures (collateral kills)
  A golden dragon (Depths:1)
  Mlioglotl (Shoals:1)
  A war gargoyle (Vaults:2)
  2 merfolk javelineers
  A crystal guardian (Vaults:2)
  2 merfolk impalers (Shoals:4)
  A deep elf death mage (Vaults:4)
  A vault guard (Vaults:3)
  An ice dragon (Depths:1)
  A hydra (Lair:5)
  An anaconda (Snake:4)
  A merfolk avatar (Shoals:2)
  2 merfolk aquamancers
  A naga sharpshooter (Snake:4)
  An obsidian statue (Vaults:2)
  2 harpies (Shoals:4)
  A merfolk siren (Shoals:4)
  2 water nymphs (Shoals:4)
  A vault sentinel (Vaults:4)
  A yaktaur (Vaults:4)
  6 merfolk
  A wind drake (Shoals:4)
  A slime creature (Vaults:4)
  A human simulacrum (Vaults:3)
  2 air elementals (Shoals:4)
  3 water elementals (Shoals:4)
  A naga (Snake:4)
  A warg (Orc:2)
  An ogre (Orc:2)
  An elf simulacrum (Vaults:3)
  An electric eel (Lair:5)
  A jelly (Lair:5)
  An orc (Orc:2)
46 creatures vanquished.

Vanquished Creatures (others)
  A merfolk javelineer (Shoals:4)
  A rakshasa (Depths:1)
  A deep elf knight (Vaults:4)
  An orc (Orc:1)
  23 fungi
  2 pillars of salt (Orc:2)
  171 plants
  A starspawn tentacle (Abyss:2)
201 creatures vanquished.

Grand Total: 1824 creatures vanquished

Notes
Turn   | Place    | Note
-------+----------+-------------------------------------------
     0 | D:1      | qw the Minotaur Berserker began the quest for the Orb.
     0 | D:1      | Reached XP level 1. HP: 19/19 MP: 0/0
     0 | D:1      | 0 ||| qw: Version: 0.1-a-119-g272c26d
     0 | D:1      | 0 ||| qw: Game counter: 10731
     0 | D:1      | 0 ||| qw: Always use a shield: true
     0 | D:1      | 0 ||| qw: Do Orc after D:15 true
     0 | D:1      | 0 ||| qw: Do second Lair branch before Depths: true
     0 | D:1      | 0 ||| qw: Lair rune preference: random
     0 | D:1      | 0 ||| qw: Plans: Normal
     0 | D:1      | 0 ||| PLANNING D:1-11
   267 | D:1      | Reached XP level 2. HP: 20/26 MP: 1/1
   428 | D:1      | 428 ||| Stepping ~*~*~tactically~*~*~ (stealth).
   675 | D:1      | Found a faded altar of an unknown god.
   791 | D:1      | 791 ||| UPGRADING to +0 leather armour.
   801 | D:1      | 801 ||| DROPPING +0 animal skin.
   802 | D:1      | 802 ||| READING scroll labelled KUEDOA TEIRYICH.
   828 | D:2      | 828 ||| INVOKING Berserk.
  1148 | D:2      | Reached ** piety under Trog
  1149 | D:2      | Reached XP level 3. HP: 27/31 MP: 2/2
  1192 | D:2      | 1192 ||| Stepping ~*~*~tactically~*~*~ (stealth).
  1213 | D:2      | 1213 ||| Stepping ~*~*~tactically~*~*~ (stealth).
  1279 | D:2      | 1279 ||| SWAPPING to +0 hand axe of venom.
  1280 | D:2      | 1280 ||| DROPPING +1 hand axe.
  1310 | D:2      | 1310 ||| INVOKING Berserk.
  1443 | D:2      | 1443 ||| Stepping ~*~*~tactically~*~*~ (stealth).
  1445 | D:2      | 1445 ||| Stepping ~*~*~tactically~*~*~ (stealth).
  1454 | D:2      | 1454 ||| INVOKING Berserk.
  1476 | D:2      | 1476 ||| Stepping ~*~*~tactically~*~*~ (stealth).
  1492 | D:2      | 1492 ||| FLEEEEING.
  1493 | D:2      | 1493 ||| FLEEEEING.
  1494 | D:2      | 1494 ||| FLEEEEING.
  1495 | D:2      | 1495 ||| FLEEEEING.
  1496 | D:2      | 1496 ||| FLEEEEING.
  1498 | D:2      | 1498 ||| FLEEEEING.
  1499 | D:2      | 1499 ||| FLEEEEING.
  1500 | D:2      | 1500 ||| FLEEEEING.
  1501 | D:2      | 1501 ||| FLEEEEING.
  1504 | D:2      | 1504 ||| FLEEEEING.
  1505 | D:2      | 1505 ||| FLEEEEING.
  1774 | D:2      | Identified the +2 pair of gloves "Unomedat" {Will- Int+6}
  1776 | D:2      | 1776 ||| UPGRADING to +2 pair of gloves "Unomedat" {Will-
                  | Int+6}.
  1781 | D:2      | 1781 ||| READING scroll labelled WIECOA KEFY.
  1839 | D:3      | Noticed Ijyb
  1861 | D:3      | Killed Ijyb
  1862 | D:3      | Reached skill level 6 in Axes
  1862 | D:3      | Reached XP level 4. HP: 31/39 MP: 3/3
  2035 | D:3      | Noticed a scorpion
  2041 | D:3      | Killed a scorpion
  2042 | D:3      | Reached XP level 5. HP: 45/45 MP: 4/4
  2109 | D:3      | Found a runed translucent gate.
  2109 | D:3      | Found a runed translucent gate.
  2109 | D:3      | Found a runed translucent gate.
  2122 | D:3      | 2122 ||| DROPPING +1 vorpal hand axe.
  2205 | D:3      | 2205 ||| Stepping ~*~*~tactically~*~*~ (stealth).
  2497 | D:3      | Reached skill level 4 in Fighting
  2543 | D:3      | Noticed qw's ghost (amateur GrFi)
  2567 | D:3      | 2567 ||| UPGRADING to +0 chain mail.
  2577 | D:3      | 2577 ||| DROPPING +0 leather armour.
  2578 | D:3      | 2578 ||| READING scroll labelled VECAERPHOUGG.
  2579 | D:3      | 2579 ||| READING scroll labelled RILANE ONUJ.
  2580 | D:3      | 2580 ||| READING scroll labelled OVIEZU ZEOG.
  2581 | D:3      | 2581 ||| Stepping randomly (stuck).
  2582 | D:3      | 2582 ||| Stepping ~*~*~tactically~*~*~ (cloud).
  2746 | D:4      | Noticed Natasha
  2747 | D:4      | 2747 ||| PLANNING SEWER
  2747 | D:4      | 2747 ||| STAIRDANCE
  2805 | D:4      | 2805 ||| INVOKING Berserk.
  2807 | D:4      | Killed Natasha
  2986 | D:4      | Noticed Natasha
  2987 | D:4      | 2987 ||| Stepping ~*~*~tactically~*~*~ (stealth).
  2988 | D:4      | 2988 ||| Stepping ~*~*~tactically~*~*~ (stealth).
  3006 | D:4      | 3006 ||| INVOKING Berserk.
  3014 | D:4      | Reached skill level 1 in Throwing
  3014 | D:4      | Reached XP level 6. HP: 52/52 MP: 5/5
  3119 | D:4      | 3119 ||| DROPPING +0 whip.
  3182 | D:4      | Found a glowing drain.
  3203 | D:4      | 3203 ||| DRINKING 2 white potions.
  3204 | D:4      | 3204 ||| DRINKING 2 fuming cyan potions.
  3213 | Sewer    | Entered a sewer
  3224 | Sewer    | 3224 ||| Stepping ~*~*~tactically~*~*~ (stealth).
  3225 | Sewer    | 3225 ||| Stepping ~*~*~tactically~*~*~ (stealth).
  3254 | Sewer    | Reached *** piety under Trog
  3452 | Sewer    | 3452 ||| INVOKING Berserk.
  3467 | Sewer    | 3467 ||| Stepping ~*~*~tactically~*~*~ (water).
  3793 | Sewer    | 3793 ||| Stepping ~*~*~tactically~*~*~ (stealth).
  3807 | Sewer    | 3807 ||| Stepping ~*~*~tactically~*~*~ (stealth).
  3831 | Sewer    | 3831 ||| Stepping ~*~*~tactically~*~*~ (stealth).
  3856 | Sewer    | Reached **** piety under Trog
  3857 | Sewer    | Reached skill level 9 in Axes
  3860 | Sewer    | Reached skill level 3 in Armour
  3860 | Sewer    | Reached XP level 7. HP: 59/59 MP: 6/6
  3908 | Sewer    | 3908 ||| SWAPPING to +0 war axe.
  3973 | Sewer    | 3973 ||| DROPPING +0 hand axe of chaos.
  4212 | Sewer    | 4212 ||| READING scroll labelled CUUPE BOSHIN.
  4217 | Sewer    | 4217 ||| DRINKING 4 amethyst potions.
  4218 | Sewer    | 4218 ||| DRINKING 2 lumpy ruby potions.
  4219 | Sewer    | 4219 ||| DROPPING 3 potions of brilliance.
  4220 | Sewer    | 4220 ||| DROPPING potion of magic.
  4252 | D:4      | 4252 ||| PLANNING D:1-11
  4270 | D:4      | 4270 ||| Stepping ~*~*~tactically~*~*~ (hiding).
  4274 | D:4      | 4274 ||| INVOKING Berserk.
  4275 | D:4      | Killed Natasha
  4324 | D:4      | Noticed Natasha
  4325 | D:4      | 4325 ||| INVOKING Berserk.
  4327 | D:4      | Killed Natasha
  4510 | D:4      | 4510 ||| Stepping ~*~*~tactically~*~*~ (hiding).
  4670 | D:4      | 4670 ||| Stepping ~*~*~tactically~*~*~ (stealth).
  4672 | D:4      | Noticed Pikel
  4675 | D:4      | 4675 ||| FLEEEEING.
  4676 | D:4      | 4676 ||| FLEEEEING.
  4677 | D:4      | 4677 ||| FLEEEEING.
  4678 | D:4      | 4678 ||| FLEEEEING.
  4679 | D:4      | 4679 ||| FLEEEEING.
  4686 | D:4      | 4686 ||| INVOKING Berserk.
  4697 | D:4      | Killed Pikel
  4698 | D:4      | Reached skill level 7 in Fighting
  4698 | D:4      | Reached XP level 8. HP: 53/74 MP: 7/7
  4951 | D:4      | Found Bookkarph's General Store.
  4954 | D:4      | 4954 ||| BUYING +1 war axe of freezing (159 gold).
  4954 | D:4      | Bought a +1 war axe of freezing for 159 gold pieces
  4954 | D:4      | 4954 ||| SHOPLISTING +3 scale mail of fire resistance (312
                  | gold, have 7).
  4954 | D:4      | 4954 ||| SHOPLISTING potion of curing (36 gold, have 7).
  4954 | D:4      | 4954 ||| SHOPLISTING ring of willpower (300 gold, have 7).
  4954 | D:4      | 4954 ||| SWAPPING to +1 war axe of freezing.
  4955 | D:4      | 4955 ||| DROPPING +0 war axe.
  5030 | D:4      | 5030 ||| READING scroll labelled EZUAC IZUXIG.
  5031 | D:4      | 5031 ||| READING scroll labelled ZEIN GAXAFETA.
  5041 | D:5      | Entered Level 5 of the Dungeon
  5042 | D:5      | 5042 ||| PLANNING OSSUARY
  5071 | D:5      | Noticed Grinder
  5072 | D:5      | 5072 ||| Stepping ~*~*~tactically~*~*~ (hiding).
  5074 | D:5      | 5074 ||| INVOKING Trog's Hand.
  5075 | D:5      | 5075 ||| INVOKING Berserk.
  5083 | D:5      | Killed Grinder
  5191 | D:5      | 5191 ||| Stepping ~*~*~tactically~*~*~ (hiding).
  5196 | D:5      | 5196 ||| Stepping ~*~*~tactically~*~*~ (hiding).
  5257 | D:5      | Found a blossoming altar of Fedhas.
  5266 | D:5      | Found Risockec's Antique Weapon Emporium.
  5274 | D:5      | 5274 ||| SHOPLISTING glowing flail (169 gold, have 20).
  5274 | D:5      | 5274 ||| SHOPLISTING glowing morningstar (182 gold, have
                  | 20).
  5274 | D:5      | 5274 ||| SHOPLISTING glowing war axe (169 gold, have 20).
  5274 | D:5      | 5274 ||| SHOPLISTING runed morningstar (182 gold, have 20).
  5279 | D:5      | 5279 ||| INVOKING Berserk.
  5345 | D:5      | 5345 ||| INVOKING Berserk.
  5674 | D:5      | 5674 ||| RIP OSSUARY
  5675 | D:5      | 5675 ||| PLANNING D:1-11
  5880 | D:5      | 5880 ||| UPGRADING to +0 pair of boots.
  5885 | D:5      | 5885 ||| READING scroll of enchant armour.
  5885 | D:5      | 5885 ||| ENCHANTING +0 pair of boots.
  5886 | D:5      | 5886 ||| READING scroll labelled LIHEIGGINURPH.
  5887 | D:5      | 5887 ||| DRINKING 2 red potions.
  5888 | D:5      | 5888 ||| DROPPING potion of degeneration.
  5903 | D:6      | Found a radiant altar of Vehumet.
  5904 | D:6      | 5904 ||| Stepping ~*~*~tactically~*~*~ (hiding).
  6025 | D:6      | 6025 ||| READING scroll of enchant weapon.
  6025 | D:6      | 6025 ||| ENCHANTING +1 war axe of freezing.
  6055 | D:6      | 6055 ||| Stepping ~*~*~tactically~*~*~ (hiding).
  6057 | D:6      | 6057 ||| Stepping ~*~*~tactically~*~*~ (stealth).
  6062 | D:6      | 6062 ||| Stepping ~*~*~tactically~*~*~ (hiding).
  6107 | D:6      | Identified the +5 hand axe "Beetyill" {vorpal, *Noise
                  | Will+++ Str+2 SInv}
  6109 | D:6      | 6109 ||| SWAPPING to +5 hand axe "Beetyill" {vorpal, *Noise
                  | Will+++ Str+2 SInv}.
  6138 | D:6      | Found a staircase to the Ecumenical Temple.
  6144 | D:6      | 6144 ||| INVOKING Berserk.
  6165 | D:6      | Reached XP level 9. HP: 79/80 MP: 8/8
  6277 | D:6      | 6277 ||| Stepping ~*~*~tactically~*~*~ (stealth).
  6278 | D:6      | 6278 ||| Stepping ~*~*~tactically~*~*~ (stealth).
  6472 | D:6      | 6472 ||| INVOKING Berserk.
  6476 | D:6      | Reached skill level 12 in Axes
  6622 | D:6      | 6622 ||| Stepping ~*~*~tactically~*~*~ (stealth).
  6789 | D:6      | 6789 ||| INVOKING Berserk.
  6901 | D:6      | 6901 ||| Stepping ~*~*~tactically~*~*~ (stealth).
  6920 | D:6      | 6920 ||| DROPPING +0 flail.
  6999 | D:6      | 6999 ||| UPGRADING to +0 plate armour.
  7009 | D:6      | 7009 ||| DROPPING +0 chain mail.
  7010 | D:6      | 7010 ||| DROPPING +1 ring mail of fire resistance.
  7011 | D:6      | 7011 ||| READING scroll labelled IGUAVY VIOT.
  7012 | D:6      | 7012 ||| READING 2 scrolls of identify.
  7012 | D:6      | 7012 ||| IDENTIFYING fizzy dark potion
  7029 | D:7      | 7029 ||| INVOKING Berserk.
  7040 | D:7      | Reached skill level 6 in Armour
  7126 | D:7      | 7126 ||| Stepping ~*~*~tactically~*~*~ (hiding).
  7189 | D:7      | 7189 ||| Stepping ~*~*~tactically~*~*~ (stealth).
  7194 | D:7      | 7194 ||| Stepping ~*~*~tactically~*~*~ (hiding).
  7197 | D:7      | 7197 ||| INVOKING Berserk.
  7216 | D:7      | Reached skill level 8 in Fighting
  7267 | D:7      | 7267 ||| FLEEEEING.
  7337 | D:7      | 7337 ||| Stepping ~*~*~tactically~*~*~ (stealth).
  7341 | D:7      | 7341 ||| Stepping ~*~*~tactically~*~*~ (stealth).
  7360 | D:7      | 7360 ||| Stepping ~*~*~tactically~*~*~ (hiding).
  7367 | D:7      | 7367 ||| FLEEEEING.
  7369 | D:7      | 7369 ||| FLEEEEING.
  7370 | D:7      | 7370 ||| FLEEEEING.
  7371 | D:7      | 7371 ||| FLEEEEING.
  7372 | D:7      | 7372 ||| FLEEEEING.
  7373 | D:7      | 7373 ||| FLEEEEING.
  7374 | D:7      | 7374 ||| FLEEEEING.
  7375 | D:7      | 7375 ||| FLEEEEING.
  7376 | D:7      | 7376 ||| STAIRDANCE
  7465 | D:6      | 7465 ||| UPGRADING to +0 buckler.
  7470 | D:6      | 7470 ||| READING 2 scrolls of identify.
  7470 | D:6      | 7470 ||| IDENTIFYING ruby potion
  7473 | D:7      | 7473 ||| STAIRDANCE
  7481 | D:7      | 7481 ||| STAIRDANCE
  7483 | D:6      | 7483 ||| INVOKING Berserk.
  7486 | D:6      | Reached skill level 1 in Shields
  7606 | D:6      | 7606 ||| READING scroll labelled KOQOLL NOTEMUCS.
  7897 | D:7      | Found a hide-covered altar of Uskayaw.
  7938 | D:7      | 7938 ||| INVOKING Berserk.
  8051 | D:7      | 8051 ||| Stepping ~*~*~tactically~*~*~ (stealth).
  8056 | D:7      | 8056 ||| Stepping ~*~*~tactically~*~*~ (hiding).
  8057 | D:7      | 8057 ||| Stepping ~*~*~tactically~*~*~ (hiding).
  8062 | D:7      | 8062 ||| Stepping ~*~*~tactically~*~*~ (hiding).
  8081 | D:7      | 8081 ||| INVOKING Berserk.
  8222 | D:7      | Reached XP level 10. HP: 84/88 MP: 9/9
  8357 | D:7      | Reached skill level 3 in Shields
  8731 | D:7      | 8731 ||| UPGRADING to +0 cloak.
  8736 | D:7      | 8736 ||| READING scroll labelled ZIGIMO XOYW.
  8737 | D:7      | 8737 ||| READING scroll labelled JIFAECK TUCIVU.
  8738 | D:7      | 8738 ||| DRINKING 2 fizzy red potions.
  8769 | D:7      | 8769 ||| DRINKING 2 smoky red potions.
  8770 | D:7      | 8770 ||| READING 2 scrolls of identify.
  8770 | D:7      | 8770 ||| IDENTIFYING dark potion
  8771 | D:7      | 8771 ||| DROPPING potion of lignification.
  8772 | D:7      | 8772 ||| DROPPING potion of ambrosia.
  8880 | D:8      | 8880 ||| UPGRADING to +4 ring of protection.
  8881 | D:8      | 8881 ||| INVOKING Berserk.
  9002 | D:8      | Noticed a death yak
  9003 | D:8      | Noticed a death yak
  9004 | D:8      | Noticed a death yak
  9004 | D:8      | Noticed a death yak
  9005 | D:8      | Noticed a death yak
  9006 | D:8      | 9006 ||| INVOKING Berserk.
  9011 | D:8      | Killed a death yak
  9012 | D:8      | Reached skill level 6 in Shields
  9016 | D:8      | Killed a death yak
  9024 | D:8      | Killed a death yak
  9030 | D:8      | Killed a death yak
  9031 | D:8      | Reached skill level 9 in Fighting
  9042 | D:8      | Killed a death yak
  9058 | D:8      | Reached XP level 11. HP: 36/97 MP: 10/10
  9066 | D:8      | Reached skill level 9 in Armour
  9288 | D:8      | Found a staircase to the Lair.
  9320 | D:8      | Identified the +6 ring mail "Zowac" {+Blink rPois Str+5
                  | Int-2}
  9578 | D:8      | You fall into a shaft and drop 3 floors!
  9578 | D:11     | Found an ornate altar of the Wu Jian Council.
  9607 | D:11     | Reached skill level 10 in Fighting
  9609 | D:11     | Noticed a white ugly thing
  9611 | D:11     | 9611 ||| INVOKING Berserk.
  9619 | D:11     | Killed a white ugly thing
  9629 | D:11     | Noticed a two-headed ogre
  9637 | D:11     | HP: 22/100 [two-headed ogre/+0 giant club (5)]
  9638 | D:11     | 9638 ||| READING 2 scrolls of teleportation.
  9638 | D:11     | HP: 10/100 [two-headed ogre/+0 giant club (12)]
  9639 | D:11     | 9639 ||| DRINKING potion of heal wounds.
 10000 | D:11     | 10000 ||| UPGRADING to +6 ring mail "Zowac" {+Blink rPois
                  | Str+5 Int-2}.
 10010 | D:11     | 10010 ||| DROPPING +6 ring of intelligence.
 10011 | D:11     | Noticed a two-headed ogre
 10016 | D:11     | 10016 ||| INVOKING Berserk.
 10018 | D:11     | Killed a two-headed ogre
 10132 | D:10     | Entered Level 10 of the Dungeon
 10188 | D:10     | Noticed Grum
 10194 | D:10     | 10194 ||| INVOKING Berserk.
 10198 | D:10     | Killed Grum
 10394 | D:10     | 10394 ||| READING scroll labelled ISHUCY IRPHOS.
 10431 | D:9      | Noticed Maurice
 10432 | D:9      | 10432 ||| INVOKING Berserk.
 10446 | D:9      | Killed Maurice
 10662 | D:8      | Found Xosaask's Antique Weapon Boutique.
 10863 | D:8      | 10863 ||| Stepping ~*~*~tactically~*~*~ (stealth).
 10864 | D:8      | 10864 ||| Stepping ~*~*~tactically~*~*~ (stealth).
 10865 | D:8      | 10865 ||| Stepping ~*~*~tactically~*~*~ (stealth).
 10866 | D:8      | 10866 ||| Stepping ~*~*~tactically~*~*~ (stealth).
 11006 | D:8      | 11006 ||| BUYING morningstar (112 gold).
 11006 | D:8      | Bought a morningstar for 112 gold pieces
 11006 | D:8      | 11006 ||| DROPPING +2 flail of protection.
 11007 | D:8      | 11007 ||| PLANNING LAIR
 11007 | D:8      | 11007 ||| UPGRADING to +4 ring of protection.
 11008 | D:8      | 11008 ||| DROPPING ring of ice.
 11081 | Lair:1   | Entered Level 1 of the Lair of Beasts
 11130 | Lair:1   | 11130 ||| Stepping ~*~*~tactically~*~*~ (stealth).
 11141 | Lair:1   | Reached skill level 11 in Fighting
 11194 | Lair:1   | You fall into a shaft and drop 1 floor!
 11195 | Lair:2   | 11195 ||| INVOKING Berserk.
 11205 | Lair:2   | Found a staircase to the Shoals.
 11212 | Lair:2   | Reached skill level 12 in Fighting
 11317 | Lair:2   | 11317 ||| INVOKING Berserk.
 11438 | Lair:2   | 11438 ||| INVOKING Berserk.
 11538 | Lair:2   | 11538 ||| INVOKING Berserk.
 11541 | Lair:2   | Reached skill level 6 in Dodging
 11653 | Lair:2   | 11653 ||| Stepping ~*~*~tactically~*~*~ (stealth).
 11655 | Lair:2   | 11655 ||| INVOKING Berserk.
 11667 | Lair:2   | Reached XP level 12. HP: 112/112 MP: 11/11
 11675 | Lair:2   | 11675 ||| FLEEEEING.
 11676 | Lair:2   | 11676 ||| FLEEEEING.
 11681 | Lair:2   | 11681 ||| STAIRDANCE
 11801 | Lair:1   | Noticed a death yak
 11806 | Lair:1   | 11806 ||| INVOKING Berserk.
 11810 | Lair:1   | Killed a death yak
 11810 | Lair:1   | Noticed a death yak
 11811 | Lair:1   | Noticed a death yak
 11812 | Lair:1   | Noticed a death yak
 11812 | Lair:1   | Noticed a death yak
 11822 | Lair:1   | Killed a death yak
 11823 | Lair:1   | Reached skill level 13 in Fighting
 11828 | Lair:1   | Killed a death yak
 11831 | Lair:1   | Killed a death yak
 11831 | Lair:1   | HP: 12/115 [death yak (20)]
 11832 | Lair:1   | Reached skill level 9 in Shields
 11832 | Lair:1   | 11832 ||| READING scroll of teleportation.
 11863 | Lair:1   | 11863 ||| INVOKING Berserk.
 12334 | Lair:1   | 12334 ||| Stepping ~*~*~tactically~*~*~ (stealth).
 12336 | Lair:1   | 12336 ||| Stepping ~*~*~tactically~*~*~ (stealth).
 12402 | Lair:1   | 12402 ||| Stepping ~*~*~tactically~*~*~ (stealth).
 12556 | Lair:1   | 12556 ||| INVOKING Berserk.
 12559 | Lair:1   | Killed a death yak
 12897 | Lair:1   | 12897 ||| Stepping ~*~*~tactically~*~*~ (stealth).
 12898 | Lair:1   | 12898 ||| Stepping ~*~*~tactically~*~*~ (stealth).
 12900 | Lair:1   | 12900 ||| Stepping ~*~*~tactically~*~*~ (hiding).
 13021 | Lair:1   | Reached skill level 14 in Fighting
 13094 | Lair:1   | Noticed Gastronok
 13095 | Lair:1   | 13095 ||| Stepping ~*~*~tactically~*~*~ (hiding).
 13104 | Lair:1   | 13104 ||| INVOKING Berserk.
 13114 | Lair:1   | Killed Gastronok
 13182 | Lair:1   | 13182 ||| Stepping ~*~*~tactically~*~*~ (hiding).
 13457 | Lair:1   | Noticed Nergalle
 13462 | Lair:1   | 13462 ||| INVOKING Berserk.
 13471 | Lair:1   | Killed Nergalle
 13706 | Lair:1   | 13706 ||| UPGRADING to +2 hat.
 13711 | Lair:1   | 13711 ||| UPGRADING to +0 kite shield.
 13721 | Lair:1   | 13721 ||| DROPPING +0 buckler.
 13722 | Lair:1   | 13722 ||| READING scroll labelled TIACLI UBIUZI.
 13781 | Lair:2   | 13781 ||| INVOKING Berserk.
 13782 | Lair:2   | Noticed Prince Ribbit
 13794 | Lair:2   | Killed Prince Ribbit
 13811 | Lair:2   | Noticed Amaemon
 13812 | Lair:2   | 13812 ||| Stepping ~*~*~tactically~*~*~ (hiding).
 13813 | Lair:2   | 13813 ||| Stepping ~*~*~tactically~*~*~ (hiding).
 13825 | Lair:2   | Killed Amaemon
 13850 | Lair:2   | 13850 ||| FLEEEEING.
 13851 | Lair:2   | 13851 ||| FLEEEEING.
 13853 | Lair:2   | 13853 ||| STAIRDANCE
 13924 | Lair:2   | 13924 ||| Stepping ~*~*~tactically~*~*~ (stealth).
 13930 | Lair:2   | 13930 ||| INVOKING Berserk.
 13951 | Lair:2   | 13951 ||| Stepping ~*~*~tactically~*~*~ (stealth).
 13953 | Lair:2   | 13953 ||| Stepping ~*~*~tactically~*~*~ (stealth).
 13955 | Lair:2   | 13955 ||| Stepping ~*~*~tactically~*~*~ (stealth).
 13956 | Lair:2   | 13956 ||| Stepping ~*~*~tactically~*~*~ (stealth).
 13999 | Lair:2   | 13999 ||| Stepping ~*~*~tactically~*~*~ (stealth).
 14007 | Lair:2   | 14007 ||| DROPPING +0 morningstar.
 14022 | Lair:2   | 14022 ||| INVOKING Berserk.
 14487 | Lair:2   | 14487 ||| Stepping ~*~*~tactically~*~*~ (hiding).
 14489 | Lair:2   | 14489 ||| Stepping ~*~*~tactically~*~*~ (hiding).
 14510 | Lair:2   | 14510 ||| Stepping ~*~*~tactically~*~*~ (stealth).
 14523 | Lair:2   | Found a staircase to the Snake Pit.
 14525 | Lair:2   | 14525 ||| Stepping ~*~*~tactically~*~*~ (hiding).
 14787 | Lair:2   | 14787 ||| READING 3 scrolls of identify.
 14787 | Lair:2   | 14787 ||| IDENTIFYING emerald potion
 14788 | Lair:2   | 14788 ||| READING 2 scrolls of identify.
 14788 | Lair:2   | 14788 ||| IDENTIFYING lumpy green potion
 14789 | Lair:2   | 14789 ||| DROPPING potion of berserk rage.
 14812 | Lair:3   | 14812 ||| STAIRDANCE
 14907 | Lair:3   | Reached XP level 13. HP: 110/125 MP: 12/12
 14910 | Lair:3   | 14910 ||| FLEEEEING.
 14911 | Lair:3   | 14911 ||| FLEEEEING.
 14912 | Lair:3   | 14912 ||| FLEEEEING.
 14913 | Lair:3   | 14913 ||| FLEEEEING.
 14914 | Lair:3   | 14914 ||| FLEEEEING.
 14915 | Lair:3   | 14915 ||| FLEEEEING.
 14916 | Lair:3   | 14916 ||| INVOKING Berserk.
 15032 | Lair:3   | 15032 ||| Stepping ~*~*~tactically~*~*~ (stealth).
 15037 | Lair:3   | Reached skill level 12 in Shields
 15142 | Lair:3   | 15142 ||| INVOKING Berserk.
 15332 | Lair:3   | 15332 ||| Stepping ~*~*~tactically~*~*~ (stealth).
 15361 | Lair:3   | 15361 ||| Stepping ~*~*~tactically~*~*~ (stealth).
 15362 | Lair:3   | 15362 ||| Stepping ~*~*~tactically~*~*~ (stealth).
 15365 | Lair:3   | 15365 ||| Stepping ~*~*~tactically~*~*~ (stealth).
 15382 | Lair:3   | 15382 ||| INVOKING Berserk.
 15648 | Lair:3   | 15648 ||| Stepping ~*~*~tactically~*~*~ (hiding).
 15786 | Lair:3   | 15786 ||| Stepping ~*~*~tactically~*~*~ (stealth).
 15787 | Lair:3   | 15787 ||| Stepping ~*~*~tactically~*~*~ (stealth).
 15788 | Lair:3   | 15788 ||| Stepping ~*~*~tactically~*~*~ (stealth).
 15789 | Lair:3   | 15789 ||| Stepping ~*~*~tactically~*~*~ (stealth).
 15790 | Lair:3   | 15790 ||| Stepping ~*~*~tactically~*~*~ (stealth).
 16304 | Lair:3   | 16304 ||| UPGRADING to amulet of the acrobat.
 16309 | Lair:3   | 16309 ||| DROPPING +4 ring of slaying {mikee}.
 16342 | Lair:4   | 16342 ||| INVOKING Berserk.
 16351 | Lair:4   | 16351 ||| STAIRDANCE
 16484 | Lair:4   | 16484 ||| Stepping ~*~*~tactically~*~*~ (stealth).
 16488 | Lair:4   | 16488 ||| Stepping ~*~*~tactically~*~*~ (stealth).
 16697 | Lair:4   | 16697 ||| Stepping ~*~*~tactically~*~*~ (stealth).
 16700 | Lair:4   | 16700 ||| Stepping ~*~*~tactically~*~*~ (stealth).
 17272 | Lair:4   | 17272 ||| READING scroll labelled KEOCLO EMMYGIKK.
 17273 | Lair:4   | 17273 ||| READING 4 scrolls of identify.
 17273 | Lair:4   | 17273 ||| IDENTIFYING pink potion
 17274 | Lair:4   | 17274 ||| READING 3 scrolls of identify.
 17274 | Lair:4   | 17274 ||| IDENTIFYING purple potion
 17275 | Lair:4   | 17275 ||| READING 2 scrolls of identify.
 17275 | Lair:4   | 17275 ||| IDENTIFYING silvery potion
 17276 | Lair:4   | 17276 ||| DROPPING potion of flight.
 17277 | Lair:4   | 17277 ||| DROPPING potion of attraction.
 17278 | Lair:4   | 17278 ||| DROPPING potion of invisibility.
 17307 | Lair:5   | Entered Level 5 of the Lair of Beasts
 17307 | Lair:5   | Found an ornate altar of the Wu Jian Council.
 17311 | Lair:5   | 17311 ||| STAIRDANCE
 17328 | Lair:5   | 17328 ||| INVOKING Berserk.
 17340 | Lair:5   | 17340 ||| FLEEEEING.
 17341 | Lair:5   | 17341 ||| STAIRDANCE
 17466 | Lair:5   | 17466 ||| STAIRDANCE
 17468 | Lair:4   | 17468 ||| INVOKING Berserk.
 17579 | Lair:5   | 17579 ||| STAIRDANCE
 17581 | Lair:4   | 17581 ||| INVOKING Berserk.
 17583 | Lair:4   | Reached skill level 15 in Fighting
 17629 | Lair:4   | 17629 ||| Stepping ~*~*~tactically~*~*~ (stealth).
 17668 | Lair:5   | 17668 ||| STAIRDANCE
 17670 | Lair:4   | 17670 ||| INVOKING Berserk.
 17681 | Lair:4   | 17681 ||| Stepping ~*~*~tactically~*~*~ (stealth).
 17759 | Lair:5   | 17759 ||| INVOKING Brothers in Arms.
 17760 | Lair:5   | 17760 ||| SWAPPING to +0 demon whip of venom.
 17761 | Lair:5   | 17761 ||| INVOKING Berserk.
 17859 | Lair:5   | 17859 ||| STAIRDANCE
 17861 | Lair:4   | 17861 ||| SWAPPING to +5 hand axe "Beetyill" {vorpal,
                  | *Noise Will+++ Str+2 SInv}.
 17932 | Lair:5   | 17932 ||| STAIRDANCE
 18021 | Lair:5   | Reached skill level 15 in Shields
 18089 | Lair:5   | 18089 ||| FLEEEEING.
 18090 | Lair:5   | 18090 ||| FLEEEEING.
 18091 | Lair:5   | 18091 ||| FLEEEEING.
 18097 | Lair:5   | 18097 ||| INVOKING Berserk.
 18137 | Lair:5   | 18137 ||| INVOKING Berserk.
 18190 | Lair:5   | 18190 ||| INVOKING Berserk.
 18227 | Lair:5   | 18227 ||| FLEEEEING.
 18296 | Lair:5   | 18296 ||| Stepping ~*~*~tactically~*~*~ (stealth).
 18297 | Lair:5   | 18297 ||| Stepping ~*~*~tactically~*~*~ (stealth).
 18298 | Lair:5   | 18298 ||| Stepping ~*~*~tactically~*~*~ (stealth).
 18301 | Lair:5   | 18301 ||| Stepping ~*~*~tactically~*~*~ (stealth).
 18339 | Lair:5   | 18339 ||| INVOKING Berserk.
 18349 | Lair:5   | Reached skill level 16 in Fighting
 18365 | Lair:5   | 18365 ||| Stepping ~*~*~tactically~*~*~ (stealth).
 18366 | Lair:5   | 18366 ||| Stepping ~*~*~tactically~*~*~ (stealth).
 18377 | Lair:5   | 18377 ||| Stepping ~*~*~tactically~*~*~ (stealth).
 18458 | Lair:5   | 18458 ||| INVOKING Berserk.
 18501 | Lair:5   | 18501 ||| FLEEEEING.
 18502 | Lair:5   | 18502 ||| FLEEEEING.
 18503 | Lair:5   | 18503 ||| FLEEEEING.
 18504 | Lair:5   | 18504 ||| Stepping ~*~*~tactically~*~*~ (stealth).
 18505 | Lair:5   | 18505 ||| FLEEEEING.
 18641 | Lair:5   | 18641 ||| INVOKING Berserk.
 18672 | Lair:5   | 18672 ||| INVOKING Brothers in Arms.
 18673 | Lair:5   | 18673 ||| INVOKING Brothers in Arms.
 18674 | Lair:5   | 18674 ||| INVOKING Brothers in Arms.
 18675 | Lair:5   | 18675 ||| SWAPPING to +0 demon whip of venom.
 18679 | Lair:5   | Reached XP level 14. HP: 124/138 MP: 13/13
 18679 | Lair:5   | 18679 ||| SWAPPING to +5 hand axe "Beetyill" {vorpal,
                  | *Noise Will+++ Str+2 SInv}.
 18764 | Lair:5   | 18764 ||| INVOKING Berserk.
 18834 | Lair:5   | Found a viscous altar of Jiyva.
 18844 | Lair:5   | Found a staircase to the Slime Pits.
 18851 | Lair:5   | 18851 ||| Stepping ~*~*~tactically~*~*~ (stealth).
 19026 | Lair:5   | Reached skill level 17 in Fighting
 19047 | Lair:5   | Reached ***** piety under Trog
 19328 | Lair:5   | Found the amulet of Vitality {RegenMP++ Regen++}
 19331 | Lair:5   | 19331 ||| FLEEEEING.
 19332 | Lair:5   | 19332 ||| FLEEEEING.
 19336 | Lair:5   | 19336 ||| INVOKING Berserk.
 19443 | Lair:5   | 19443 ||| Stepping ~*~*~tactically~*~*~ (water).
 19462 | Lair:5   | 19462 ||| Stepping ~*~*~tactically~*~*~ (water).
 19466 | Lair:5   | 19466 ||| INVOKING Berserk.
 19479 | Lair:5   | Reached skill level 9 in Dodging
 19946 | Lair:5   | 19946 ||| PLANNING D:1-11
 19946 | Lair:5   | 19946 ||| UPGRADING to amulet of Vitality {RegenMP++
                  | Regen++}.
 19956 | Lair:5   | 19956 ||| DROPPING amulet of the acrobat.
 19957 | Lair:5   | 19957 ||| UPGRADING to amulet of reflection.
 19967 | Lair:5   | 19967 ||| DROPPING amulet of Vitality {RegenMP++ Regen++}.
 20100 | D:9      | Found a sacrificial altar of Ru.
 20102 | D:9      | Found a basalt altar of Yredelemnul.
 20129 | D:9      | Identified the +1 pair of gloves of Aptetz {rC- Dex+5}
 20389 | D:9      | Identified the ring of Past Mistakes {rElec rN+ Will+}
 20482 | D:9      | Noticed Harold
 20491 | D:9      | Killed Harold
 20728 | D:9      | 20728 ||| DROPPING ring of Past Mistakes {rElec rN+ Will+}.
 20873 | D:10     | Reached skill level 3 in Throwing
 21154 | D:10     | 21154 ||| SWAPPING to +0 broad axe.
 21156 | D:10     | 21156 ||| DROPPING +5 hand axe "Beetyill" {vorpal, *Noise
                  | Will+++ Str+2 SInv}.
 21194 | D:10     | 21194 ||| DROPPING +2 war axe of freezing.
 21277 | D:11     | Noticed Sonja
 21280 | D:11     | 21280 ||| DRINKING 7 potions of curing.
 21280 | D:11     | 21280 ||| (to cure confusion)
 21281 | D:11     | 21281 ||| INVOKING Brothers in Arms.
 21283 | D:11     | Killed Sonja
 21401 | D:11     | 21401 ||| Stepping ~*~*~tactically~*~*~ (hiding).
 21416 | D:11     | Received a gift from Trog
 21418 | D:11     | 21418 ||| Stepping ~*~*~tactically~*~*~ (stealth).
 21419 | D:11     | 21419 ||| DROPPING +2 antimagic war axe.
 21423 | D:11     | 21423 ||| Stepping ~*~*~tactically~*~*~ (stealth).
 21438 | D:11     | 21438 ||| Stepping ~*~*~tactically~*~*~ (stealth).
 21442 | D:11     | 21442 ||| Stepping ~*~*~tactically~*~*~ (stealth).
 21531 | D:11     | 21531 ||| Stepping ~*~*~tactically~*~*~ (water).
 21536 | D:11     | Reached skill level 15 in Axes
 21796 | D:11     | Noticed Psyche
 21799 | D:11     | 21799 ||| DRINKING 3 potions of cancellation.
 21811 | D:11     | Killed Psyche
 22115 | D:11     | 22115 ||| READING scroll of enchant weapon.
 22115 | D:11     | 22115 ||| ENCHANTING +0 broad axe.
 22492 | D:11     | 22492 ||| PLANNING D
 22537 | D:12     | Found an iron altar of Okawaru.
 22547 | D:12     | 22547 ||| Stepping ~*~*~tactically~*~*~ (stealth).
 22549 | D:12     | 22549 ||| Stepping ~*~*~tactically~*~*~ (stealth).
 22689 | D:12     | 22689 ||| Stepping ~*~*~tactically~*~*~ (hiding).
 22752 | D:12     | 22752 ||| INVOKING Berserk.
 23113 | D:12     | Found a staircase to the Orcish Mines.
 23334 | D:12     | 23334 ||| READING scroll of enchant armour.
 23334 | D:12     | 23334 ||| ENCHANTING +1 pair of boots.
 23451 | D:12     | 23451 ||| Stepping ~*~*~tactically~*~*~ (stealth).
 23491 | D:12     | Found Inly's Antique Weapon Boutique.
 23585 | D:13     | 23585 ||| INVOKING Brothers in Arms.
 23586 | D:13     | 23586 ||| INVOKING Brothers in Arms.
 23588 | D:13     | 23588 ||| SWAPPING to +0 demon whip of venom.
 23589 | D:13     | 23589 ||| INVOKING Brothers in Arms.
 23590 | D:13     | 23590 ||| INVOKING Berserk.
 23600 | D:13     | 23600 ||| SWAPPING to +1 broad axe.
 23743 | D:13     | Found Etigret's Weapon Emporium.
 23763 | D:13     | 23763 ||| Stepping ~*~*~tactically~*~*~ (hiding).
 23765 | D:13     | 23765 ||| Stepping ~*~*~tactically~*~*~ (hiding).
 24060 | D:13     | 24060 ||| INVOKING Berserk.
 24244 | D:13     | 24244 ||| Stepping ~*~*~tactically~*~*~ (hiding).
 24516 | D:13     | 24516 ||| Stepping ~*~*~tactically~*~*~ (hiding).
 24575 | D:13     | Reached XP level 15. HP: 101/147 MP: 14/14
 25271 | D:13     | 25271 ||| READING scroll labelled KOCSEFRE HIOHAU.
 25412 | D:14     | 25412 ||| PLANNING GAUNTLET
 25425 | D:14     | Found a gate leading to a gauntlet.
 25440 | Gauntlet | Entered a Gauntlet
 25440 | Gauntlet | Found a transporter.
 25452 | Gauntlet | Found a transporter.
 25453 | Gauntlet | Found a transporter.
 25454 | Gauntlet | Found a transporter.
 25462 | Gauntlet | Found a transporter.
 25464 | Gauntlet | Found a transporter.
 25465 | Gauntlet | Found a transporter.
 25473 | Gauntlet | Found a transporter.
 25476 | Gauntlet | Found a transporter.
 25477 | Gauntlet | Found a transporter.
 25485 | Gauntlet | Found a transporter.
 25489 | Gauntlet | Found a transporter.
 25490 | Gauntlet | Found a transporter.
 25499 | Gauntlet | Found a transporter.
 25581 | Gauntlet | 25581 ||| INVOKING Trog's Hand.
 25617 | Gauntlet | 25617 ||| INVOKING Berserk.
 25734 | Gauntlet | 25734 ||| DROPPING amulet of magic regeneration.
 25747 | Gauntlet | 25747 ||| Stepping ~*~*~tactically~*~*~ (cloud).
 25751 | Gauntlet | 25751 ||| INVOKING Berserk.
 25962 | Gauntlet | 25962 ||| Stepping randomly (stuck).
 25963 | Gauntlet | 25963 ||| Stepping randomly (stuck).
 25964 | Gauntlet | 25964 ||| Stepping randomly (stuck).
 25965 | Gauntlet | 25965 ||| Stepping randomly (stuck).
 25966 | Gauntlet | 25966 ||| Stepping randomly (stuck).
 25967 | Gauntlet | 25967 ||| Stepping randomly (stuck).
 25968 | Gauntlet | 25968 ||| Stepping randomly (stuck).
 25969 | Gauntlet | 25969 ||| Stepping randomly (stuck).
 25970 | Gauntlet | 25970 ||| Stepping randomly (stuck).
 25983 | Gauntlet | 25983 ||| READING scroll of brand weapon.
 25983 | Gauntlet | 25983 ||| BRANDING +1 broad axe.
 25986 | Gauntlet | 25986 ||| UPGRADING to scarf of resistance.
 26008 | Gauntlet | 26008 ||| Stepping ~*~*~tactically~*~*~ (cloud).
 26050 | Gauntlet | Identified the ring of the Townfolk {rF+ Stlth+}
 26066 | Gauntlet | 26066 ||| INVOKING Berserk.
 26186 | Gauntlet | Identified the +1 cloak of New Discoveries {rF- Int+5}
 26294 | D:14     | 26294 ||| PLANNING D
 26334 | D:14     | 26334 ||| Stepping ~*~*~tactically~*~*~ (hiding).
 26370 | D:14     | 26370 ||| Stepping ~*~*~tactically~*~*~ (hiding).
 26371 | D:14     | 26371 ||| SWAPPING to +0 demon whip of venom.
 26373 | D:14     | 26373 ||| INVOKING Berserk.
 26373 | D:14     | Noticed a storm dragon
 26609 | D:14     | 26609 ||| Stepping ~*~*~tactically~*~*~ (stealth).
 26610 | D:14     | 26610 ||| SWAPPING to +1 vorpal broad axe.
 26611 | D:14     | 26611 ||| Stepping ~*~*~tactically~*~*~ (stealth).
 26612 | D:14     | 26612 ||| INVOKING Berserk.
 26615 | D:14     | Reached skill level 18 in Axes
 26664 | D:14     | Found a transporter.
 26683 | D:14     | 26683 ||| Stepping ~*~*~tactically~*~*~ (hiding).
 26706 | D:14     | 26706 ||| Stepping ~*~*~tactically~*~*~ (stealth).
 26707 | D:14     | 26707 ||| FLEEEEING.
 26713 | D:14     | 26713 ||| DRINKING 3 potions of cancellation.
 26762 | D:14     | 26762 ||| FLEEEEING.
 26763 | D:14     | 26763 ||| FLEEEEING.
 26764 | D:14     | 26764 ||| FLEEEEING.
 26768 | D:14     | Paralysed by a floating eye for 4 turns
 26804 | D:14     | 26804 ||| Stepping ~*~*~tactically~*~*~ (stealth).
 26853 | D:14     | 26853 ||| Stepping ~*~*~tactically~*~*~ (stealth).
 26884 | D:14     | 26884 ||| Stepping ~*~*~tactically~*~*~ (hiding).
 26885 | D:14     | 26885 ||| Stepping ~*~*~tactically~*~*~ (hiding).
 26914 | D:14     | 26914 ||| Stepping ~*~*~tactically~*~*~ (stealth).
 26916 | D:14     | 26916 ||| Stepping ~*~*~tactically~*~*~ (stealth).
 26924 | D:14     | 26924 ||| Stepping ~*~*~tactically~*~*~ (stealth).
 26927 | D:14     | 26927 ||| Stepping ~*~*~tactically~*~*~ (stealth).
 26932 | D:14     | 26932 ||| Stepping ~*~*~tactically~*~*~ (stealth).
 26971 | D:14     | Found a transporter.
 27012 | D:14     | 27012 ||| Stepping ~*~*~tactically~*~*~ (stealth).
 27014 | D:14     | 27014 ||| Stepping ~*~*~tactically~*~*~ (hiding).
 27186 | D:14     | 27186 ||| Stepping ~*~*~tactically~*~*~ (hiding).
 27187 | D:14     | 27187 ||| Stepping ~*~*~tactically~*~*~ (hiding).
 27193 | D:14     | Reached skill level 6 in Throwing
 27326 | D:14     | 27326 ||| Stepping ~*~*~tactically~*~*~ (hiding).
 27367 | D:14     | 27367 ||| INVOKING Berserk.
 27494 | D:14     | Found a gate to the Vaults.
 28137 | D:14     | 28137 ||| DROPPING ring of positive energy.
 28143 | D:15     | Entered Level 15 of the Dungeon
 28144 | D:15     | 28144 ||| STAIRDANCE
 28199 | D:15     | 28199 ||| STAIRDANCE
 28299 | D:15     | 28299 ||| STAIRDANCE
 28308 | D:14     | Reached skill level 18 in Fighting
 28443 | D:15     | 28443 ||| STAIRDANCE
 28490 | D:15     | 28490 ||| STAIRDANCE
 28498 | D:15     | 28498 ||| STAIRDANCE
 28503 | D:15     | 28503 ||| STAIRDANCE
 28505 | D:14     | 28505 ||| INVOKING Berserk.
 28510 | D:14     | Reached skill level 9 in Throwing
 28616 | D:15     | 28616 ||| STAIRDANCE
 28720 | D:15     | 28720 ||| INVOKING Trog's Hand.
 28724 | D:15     | 28724 ||| INVOKING Berserk.
 28743 | Abyss:2  | Cast into level 2 of the Abyss (a wizard)
 28768 | Abyss:2  | 28768 ||| INVOKING Trog's Hand.
 28878 | Abyss:2  | Noticed a daeva
 28888 | Abyss:2  | 28888 ||| INVOKING Berserk.
 28896 | Abyss:2  | Killed a daeva
 28901 | Abyss:2  | 28901 ||| INVOKING Trog's Hand.
 28926 | Abyss:2  | 28926 ||| INVOKING Trog's Hand.
 28936 | Abyss:2  | 28936 ||| INVOKING Trog's Hand.
 28965 | Abyss:2  | 28965 ||| Stepping ~*~*~tactically~*~*~ (stealth).
 28975 | Abyss:2  | Noticed a tentacled starspawn
 28984 | Abyss:2  | Killed a tentacled starspawn
 28985 | Abyss:2  | Gained mutation: You expend magic power (3 MP) to
                  | strengthen your wands. [a cacodemon]
 28991 | Abyss:2  | Reached XP level 16. HP: 125/159 MP: 15/15
 28995 | Abyss:2  | 28995 ||| INVOKING Trog's Hand.
 29167 | Abyss:2  | Noticed a dread lich
 29168 | Abyss:2  | 29168 ||| INVOKING Trog's Hand.
 29174 | Abyss:2  | 29174 ||| INVOKING Berserk.
 29186 | Abyss:2  | Killed a dread lich
 29187 | Abyss:2  | Reached skill level 19 in Fighting
 29189 | D:15     | Escaped the Abyss
 29383 | D:15     | 29383 ||| READING scroll of enchant weapon.
 29383 | D:15     | 29383 ||| ENCHANTING +1 vorpal broad axe.
 29416 | D:15     | 29416 ||| INVOKING Trog's Hand.
 29419 | D:15     | 29419 ||| INVOKING Berserk.
 29647 | D:15     | 29647 ||| INVOKING Berserk.
 29918 | D:15     | 29918 ||| Stepping ~*~*~tactically~*~*~ (hiding).
 29919 | D:15     | 29919 ||| Stepping ~*~*~tactically~*~*~ (hiding).
 29920 | D:15     | 29920 ||| Stepping ~*~*~tactically~*~*~ (hiding).
 29989 | D:15     | 29989 ||| Stepping ~*~*~tactically~*~*~ (hiding).
 29992 | D:15     | Found a staircase to the Depths.
 30001 | D:15     | 30001 ||| INVOKING Berserk.
 30366 | D:15     | 30366 ||| PLANNING ORC
 30480 | Orc:1    | Entered Level 1 of the Orcish Mines
 30491 | Orc:1    | 30491 ||| INVOKING Berserk.
 30522 | Orc:1    | Found Baas's Weapon Boutique.
 30546 | Orc:1    | 30546 ||| Stepping ~*~*~tactically~*~*~ (hiding).
 30558 | Orc:1    | 30558 ||| Stepping ~*~*~tactically~*~*~ (hiding).
 30798 | Orc:1    | 30798 ||| Stepping ~*~*~tactically~*~*~ (hiding).
 30799 | Orc:1    | 30799 ||| Stepping ~*~*~tactically~*~*~ (hiding).
 30896 | Orc:1    | Found a runed translucent door.
 31197 | Orc:2    | Entered Level 2 of the Orcish Mines
 31199 | Orc:2    | 31199 ||| Stepping ~*~*~tactically~*~*~ (hiding).
 31221 | Orc:2    | Received a gift from Trog
 31235 | Orc:2    | 31235 ||| DROPPING +0 demon whip of venom.
 31238 | Orc:2    | 31238 ||| Stepping ~*~*~tactically~*~*~ (stealth).
 31243 | Orc:2    | 31243 ||| Stepping ~*~*~tactically~*~*~ (stealth).
 31245 | Orc:2    | 31245 ||| Stepping ~*~*~tactically~*~*~ (stealth).
 31247 | Orc:2    | 31247 ||| Stepping ~*~*~tactically~*~*~ (stealth).
 31280 | Orc:2    | 31280 ||| Stepping ~*~*~tactically~*~*~ (stealth).
 31284 | Orc:2    | 31284 ||| Stepping ~*~*~tactically~*~*~ (hiding).
 31285 | Orc:2    | 31285 ||| Stepping ~*~*~tactically~*~*~ (hiding).
 31286 | Orc:2    | 31286 ||| Stepping ~*~*~tactically~*~*~ (hiding).
 31289 | Orc:2    | 31289 ||| INVOKING Brothers in Arms.
 31290 | Orc:2    | 31290 ||| INVOKING Berserk.
 31297 | Orc:2    | Reached skill level 20 in Fighting
 31441 | Orc:2    | 31441 ||| Stepping ~*~*~tactically~*~*~ (hiding).
 31442 | Orc:2    | 31442 ||| Stepping ~*~*~tactically~*~*~ (hiding).
 31445 | Orc:2    | 31445 ||| INVOKING Berserk.
 31772 | Orc:2    | 31772 ||| Stepping ~*~*~tactically~*~*~ (stealth).
 31773 | Orc:2    | 31773 ||| Stepping ~*~*~tactically~*~*~ (stealth).
 31782 | Orc:2    | 31782 ||| Stepping ~*~*~tactically~*~*~ (hiding).
 31785 | Orc:2    | 31785 ||| Stepping ~*~*~tactically~*~*~ (hiding).
 31787 | Orc:2    | 31787 ||| INVOKING Berserk.
 31799 | Orc:2    | 31799 ||| Stepping ~*~*~tactically~*~*~ (stealth).
 31928 | Orc:2    | 31928 ||| Stepping ~*~*~tactically~*~*~ (hiding).
 31930 | Orc:2    | 31930 ||| INVOKING Berserk.
 31937 | Orc:2    | Found Zaisuudd's Book Boutique.
 31944 | Orc:2    | Found Haizamm's Book Boutique.
 32043 | Orc:2    | 32043 ||| Stepping ~*~*~tactically~*~*~ (hiding).
 32044 | Orc:2    | 32044 ||| Stepping ~*~*~tactically~*~*~ (hiding).
 32049 | Orc:2    | 32049 ||| Stepping ~*~*~tactically~*~*~ (hiding).
 32067 | Orc:2    | 32067 ||| Stepping ~*~*~tactically~*~*~ (stealth).
 32070 | Orc:2    | 32070 ||| Stepping ~*~*~tactically~*~*~ (stealth).
 32075 | Orc:2    | 32075 ||| Stepping ~*~*~tactically~*~*~ (stealth).
 32097 | Orc:2    | 32097 ||| Stepping ~*~*~tactically~*~*~ (stealth).
 32098 | Orc:2    | 32098 ||| Stepping ~*~*~tactically~*~*~ (stealth).
 32126 | Orc:2    | Found Tenlim's Magic Scroll Shoppe.
 32132 | Orc:2    | 32132 ||| BUYING scroll of enchant weapon (82 gold).
 32132 | Orc:2    | Bought a scroll of enchant weapon for 82 gold pieces
 32132 | Orc:2    | 32132 ||| READING scroll of enchant weapon.
 32132 | Orc:2    | 32132 ||| ENCHANTING +2 vorpal broad axe.
 32146 | Orc:2    | 32146 ||| INVOKING Brothers in Arms.
 32149 | Orc:2    | 32149 ||| INVOKING Berserk.
 32390 | Orc:2    | Found a staircase to the Elven Halls.
 32547 | Orc:2    | Found Xehoaviu's Armour Shop.
 32548 | Orc:2    | 32548 ||| INVOKING Brothers in Arms.
 32552 | Orc:2    | 32552 ||| DRINKING 8 potions of curing.
 32552 | Orc:2    | 32552 ||| (to cure confusion)
 32553 | Orc:2    | 32553 ||| DRINKING 7 potions of curing.
 32553 | Orc:2    | 32553 ||| (to cure confusion)
 32554 | Orc:2    | 32554 ||| INVOKING Berserk.
 32669 | Orc:2    | 32669 ||| BUYING +4 plate armour of willpower (550 gold).
 32669 | Orc:2    | Bought a +4 plate armour of willpower for 550 gold pieces
 32669 | Orc:2    | 32669 ||| BUYING -2 hat of the Alchemist {rElec rPois rF+
                  | rC+ rN+ Will+ rMut rCorr} (519 gold).
 32669 | Orc:2    | Bought the -2 hat of the Alchemist {rElec rPois rF+ rC+ rN+
                  | Will+ rMut rCorr} for 519 gold pieces
 32669 | Orc:2    | Found the -2 hat of the Alchemist {rElec rPois rF+ rC+ rN+
                  | Will+ rMut rCorr}
 32669 | Orc:2    | 32669 ||| PLANNING SNAKE:1-3
 32669 | Orc:2    | 32669 ||| UPGRADING to +3 plate armour of fire resistance.
 32679 | Orc:2    | 32679 ||| DROPPING +0 plate armour.
 32680 | Orc:2    | 32680 ||| DROPPING +6 ring mail "Zowac" {+Blink rPois Str+5
                  | Int-2}.
 32681 | Orc:2    | 32681 ||| UPGRADING to +4 plate armour of willpower.
 32691 | Orc:2    | 32691 ||| UPGRADING to -2 hat of the Alchemist {rElec rPois
                  | rF+ rC+ rN+ Will+ rMut rCorr}.
 32701 | Orc:2    | 32701 ||| READING scroll of enchant armour.
 32701 | Orc:2    | 32701 ||| ENCHANTING +4 plate armour of willpower.
 32930 | Snake:1  | Entered Level 1 of the Snake Pit
 33122 | Snake:1  | 33122 ||| READING scroll of brand weapon.
 33122 | Snake:1  | 33122 ||| BRANDING +3 vorpal broad axe.
 33171 | Snake:1  | 33171 ||| Stepping ~*~*~tactically~*~*~ (hiding).
 33428 | Snake:1  | 33428 ||| Stepping ~*~*~tactically~*~*~ (hiding).
 33439 | Snake:1  | Reached skill level 12 in Armour
 33519 | Snake:1  | 33519 ||| Stepping ~*~*~tactically~*~*~ (hiding).
 33555 | Snake:1  | 33555 ||| Stepping ~*~*~tactically~*~*~ (hiding).
 33561 | Snake:1  | 33561 ||| INVOKING Berserk.
 33574 | Snake:1  | Reached XP level 17. HP: 170/170 MP: 13/16
 33747 | Snake:1  | 33747 ||| Stepping ~*~*~tactically~*~*~ (hiding).
 33915 | Snake:1  | 33915 ||| Stepping ~*~*~tactically~*~*~ (hiding).
 33918 | Snake:1  | 33918 ||| Stepping ~*~*~tactically~*~*~ (hiding).
 33963 | Snake:1  | 33963 ||| Stepping ~*~*~tactically~*~*~ (hiding).
 33964 | Snake:1  | 33964 ||| Stepping ~*~*~tactically~*~*~ (hiding).
 34084 | Snake:1  | Found a burning altar of Makhleb.
 34175 | Snake:1  | 34175 ||| SWAPPING to +2 vampiric war axe.
 34176 | Snake:1  | 34176 ||| DROPPING +3 broad axe of venom.
 34220 | Snake:1  | 34220 ||| Stepping ~*~*~tactically~*~*~ (hiding).
 34462 | Snake:1  | 34462 ||| Stepping ~*~*~tactically~*~*~ (hiding).
 34580 | Snake:1  | 34580 ||| INVOKING Berserk.
 34813 | Snake:2  | 34813 ||| INVOKING Berserk.
 34861 | Snake:2  | 34861 ||| FLEEEEING.
 34863 | Snake:2  | 34863 ||| STAIRDANCE
 35052 | Snake:2  | You fall into a shaft and drop 1 floor!
 35135 | Snake:3  | 35135 ||| Stepping ~*~*~tactically~*~*~ (hiding).
 35136 | Snake:3  | 35136 ||| Stepping ~*~*~tactically~*~*~ (hiding).
 35150 | Snake:3  | 35150 ||| Stepping ~*~*~tactically~*~*~ (hiding).
 35159 | Snake:3  | Received a gift from Trog
 35330 | Snake:2  | 35330 ||| Stepping ~*~*~tactically~*~*~ (hiding).
 35334 | Snake:2  | 35334 ||| INVOKING Berserk.
 35345 | Snake:2  | Reached skill level 15 in Armour
 35500 | Snake:2  | 35500 ||| Stepping ~*~*~tactically~*~*~ (hiding).
 35539 | Snake:2  | 35539 ||| INVOKING Berserk.
 35796 | Snake:3  | Found Byopousu's Distillery.
 35799 | Snake:3  | 35799 ||| BUYING 2 potions of haste (260 gold).
 35799 | Snake:3  | Bought 2 potions of haste for 260 gold pieces
 35799 | Snake:3  | 35799 ||| BUYING potion of heal wounds (65 gold).
 35799 | Snake:3  | Bought a potion of heal wounds for 65 gold pieces
 35799 | Snake:3  | 35799 ||| BUYING potion of heal wounds (65 gold).
 35799 | Snake:3  | Bought a potion of heal wounds for 65 gold pieces
 35799 | Snake:3  | 35799 ||| BUYING potion of mutation (104 gold).
 35799 | Snake:3  | Bought a potion of mutation for 104 gold pieces
 35829 | Snake:3  | 35829 ||| Stepping ~*~*~tactically~*~*~ (hiding).
 35911 | Snake:3  | 35911 ||| Stepping ~*~*~tactically~*~*~ (stealth).
 35913 | Snake:3  | 35913 ||| Stepping ~*~*~tactically~*~*~ (stealth).
 36053 | Snake:3  | 36053 ||| Stepping ~*~*~tactically~*~*~ (hiding).
 36056 | Snake:3  | 36056 ||| Stepping ~*~*~tactically~*~*~ (hiding).
 36067 | Snake:3  | 36067 ||| Stepping ~*~*~tactically~*~*~ (hiding).
 36396 | Snake:3  | 36396 ||| INVOKING Berserk.
 36875 | Snake:3  | 36875 ||| PLANNING SHOALS:1-3
 36948 | Shoals:1 | Entered Level 1 of the Shoals
 36957 | Shoals:1 | 36957 ||| Stepping ~*~*~tactically~*~*~ (hiding).
 37122 | Shoals:1 | Noticed Mlioglotl
 37123 | Shoals:1 | 37123 ||| INVOKING Brothers in Arms.
 37124 | Shoals:1 | Noticed a bone dragon
 37128 | Shoals:1 | 37128 ||| INVOKING Berserk.
 37130 | Shoals:1 | Killed Mlioglotl
 37345 | Shoals:1 | 37345 ||| INVOKING Berserk.
 37369 | Shoals:1 | 37369 ||| INVOKING Brothers in Arms.
 37387 | Shoals:1 | 37387 ||| Stepping ~*~*~tactically~*~*~ (water).
 37574 | Shoals:1 | 37574 ||| Stepping ~*~*~tactically~*~*~ (water).
 37611 | Shoals:1 | 37611 ||| Stepping ~*~*~tactically~*~*~ (water).
 37740 | Shoals:1 | 37740 ||| INVOKING Berserk.
 37760 | Shoals:1 | Received a gift from Trog
 37994 | Shoals:1 | 37994 ||| Stepping ~*~*~tactically~*~*~ (water).
 38103 | Shoals:2 | 38103 ||| Stepping ~*~*~tactically~*~*~ (water).
 38119 | Shoals:2 | 38119 ||| Stepping ~*~*~tactically~*~*~ (stealth).
 38123 | Shoals:2 | 38123 ||| INVOKING Berserk.
 38434 | Shoals:2 | 38434 ||| INVOKING Trog's Hand.
 38435 | Shoals:2 | 38435 ||| INVOKING Brothers in Arms.
 38766 | Shoals:3 | 38766 ||| INVOKING Berserk.
 38771 | Shoals:3 | Reached skill level 18 in Armour
 38985 | Shoals:3 | Identified the +1 ring mail of the Other Side {Str+6 Int+4
                  | Dex-3}
 39088 | Shoals:3 | 39088 ||| INVOKING Trog's Hand.
 39215 | Shoals:3 | 39215 ||| INVOKING Trog's Hand.
 39224 | Shoals:3 | 39224 ||| INVOKING Brothers in Arms.
 39225 | Shoals:3 | 39225 ||| INVOKING Berserk.
 39244 | Shoals:3 | 39244 ||| INVOKING Brothers in Arms.
 39245 | Shoals:3 | 39245 ||| INVOKING Brothers in Arms.
 39248 | Shoals:3 | Reached XP level 18. HP: 145/178 MP: 17/17
 39375 | Shoals:3 | 39375 ||| DROPPING +2 hand axe of flaming.
 39467 | Shoals:3 | Found a transporter.
 39471 | Shoals:3 | Found a transporter.
 39472 | Shoals:3 | Noticed thechecker02's ghost (adept GnFi)
 39579 | Shoals:3 | 39579 ||| INVOKING Berserk.
 39751 | Shoals:3 | 39751 ||| PLANNING SNAKE:4
 39883 | Snake:4  | Entered Level 4 of the Snake Pit
 39988 | Snake:4  | 39988 ||| Stepping ~*~*~tactically~*~*~ (hiding).
 39990 | Snake:4  | 39990 ||| Stepping ~*~*~tactically~*~*~ (hiding).
 39991 | Snake:4  | 39991 ||| Stepping ~*~*~tactically~*~*~ (stealth).
 39994 | Snake:4  | 39994 ||| Stepping ~*~*~tactically~*~*~ (stealth).
 39996 | Snake:4  | 39996 ||| INVOKING Berserk.
 40145 | Snake:4  | 40145 ||| Stepping ~*~*~tactically~*~*~ (hiding).
 40358 | Snake:4  | 40358 ||| Stepping ~*~*~tactically~*~*~ (hiding).
 40360 | Snake:4  | 40360 ||| Stepping ~*~*~tactically~*~*~ (hiding).
 40393 | Snake:4  | 40393 ||| INVOKING Berserk.
 40584 | Snake:4  | 40584 ||| INVOKING Berserk.
 40722 | Snake:4  | 40722 ||| Stepping ~*~*~tactically~*~*~ (hiding).
 40746 | Snake:4  | 40746 ||| Stepping ~*~*~tactically~*~*~ (hiding).
 40752 | Snake:4  | 40752 ||| INVOKING Berserk.
 40763 | Snake:4  | Reached skill level 21 in Fighting
 40768 | Snake:4  | 40768 ||| Stepping ~*~*~tactically~*~*~ (hiding).
 40780 | Snake:4  | Reached skill level 18 in Shields
 40806 | Snake:4  | 40806 ||| Stepping ~*~*~tactically~*~*~ (stealth).
 40843 | Snake:4  | 40843 ||| INVOKING Berserk.
 41022 | Snake:4  | 41022 ||| INVOKING Berserk.
 41042 | Snake:4  | 41042 ||| INVOKING Brothers in Arms.
 41043 | Snake:4  | 41043 ||| INVOKING Brothers in Arms.
 41160 | Snake:4  | 41160 ||| INVOKING Berserk.
 41180 | Snake:4  | 41180 ||| FLEEEEING.
 41319 | Snake:4  | 41319 ||| INVOKING Berserk.
 41342 | Snake:4  | 41342 ||| INVOKING Brothers in Arms.
 41477 | Snake:4  | Got a serpentine rune of Zot
 41532 | Snake:4  | 41532 ||| INVOKING Berserk.
 41680 | Snake:4  | 41680 ||| Stepping ~*~*~tactically~*~*~ (hiding).
 41681 | Snake:4  | 41681 ||| Stepping ~*~*~tactically~*~*~ (hiding).
 41699 | Snake:4  | 41699 ||| Stepping ~*~*~tactically~*~*~ (hiding).
 41750 | Snake:4  | 41750 ||| Stepping ~*~*~tactically~*~*~ (stealth).
 41752 | Snake:4  | 41752 ||| Stepping ~*~*~tactically~*~*~ (hiding).
 41754 | Snake:4  | 41754 ||| Stepping ~*~*~tactically~*~*~ (hiding).
 41760 | Snake:4  | 41760 ||| Stepping ~*~*~tactically~*~*~ (hiding).
 41763 | Snake:4  | 41763 ||| Stepping ~*~*~tactically~*~*~ (hiding).
 41884 | Snake:4  | 41884 ||| Stepping ~*~*~tactically~*~*~ (hiding).
 41942 | Snake:4  | 41942 ||| PLANNING VAULTS:1-4
 41942 | Snake:4  | 41942 ||| UPGRADING to +1 pair of gloves of Aptetz {rC-
                  | Dex+5}.
 42308 | Vaults:1 | Entered Level 1 of the Vaults
 42309 | Vaults:1 | 42309 ||| INVOKING Trog's Hand.
 42349 | Vaults:1 | 42349 ||| INVOKING Trog's Hand.
 42436 | Vaults:1 | 42436 ||| Stepping ~*~*~tactically~*~*~ (hiding).
 42547 | Vaults:1 | 42547 ||| Stepping ~*~*~tactically~*~*~ (stealth).
 42584 | Vaults:1 | Reached skill level 12 in Dodging
 42750 | Vaults:1 | 42750 ||| INVOKING Trog's Hand.
 42771 | Vaults:1 | Reached skill level 22 in Fighting
 42780 | Vaults:1 | 42780 ||| Stepping ~*~*~tactically~*~*~ (stealth).
 42783 | Vaults:1 | 42783 ||| INVOKING Trog's Hand.
 42800 | Vaults:1 | 42800 ||| Stepping ~*~*~tactically~*~*~ (hiding).
 42801 | Vaults:1 | 42801 ||| Stepping ~*~*~tactically~*~*~ (hiding).
 42808 | Vaults:1 | Received a gift from Trog
 42941 | Vaults:1 | 42941 ||| Stepping ~*~*~tactically~*~*~ (stealth).
 42943 | Vaults:1 | 42943 ||| Stepping ~*~*~tactically~*~*~ (hiding).
 42963 | Vaults:1 | 42963 ||| INVOKING Brothers in Arms.
 42967 | Vaults:1 | 42967 ||| INVOKING Berserk.
 43011 | Vaults:1 | Reached XP level 19. HP: 191/191 MP: 18/18
 43046 | Vaults:1 | 43046 ||| INVOKING Trog's Hand.
 43097 | Vaults:1 | 43097 ||| Stepping ~*~*~tactically~*~*~ (stealth).
 43104 | Vaults:1 | 43104 ||| Stepping ~*~*~tactically~*~*~ (stealth).
 43111 | Vaults:1 | 43111 ||| Stepping ~*~*~tactically~*~*~ (hiding).
 43125 | Vaults:1 | 43125 ||| INVOKING Trog's Hand.
 43254 | Vaults:1 | Found the +8 longbow "Zephyr" {speed, Dex+3 SInv}
 43274 | Vaults:1 | 43274 ||| Stepping ~*~*~tactically~*~*~ (hiding).
 43275 | Vaults:1 | 43275 ||| Stepping ~*~*~tactically~*~*~ (hiding).
 43516 | Vaults:1 | 43516 ||| Stepping ~*~*~tactically~*~*~ (hiding).
 43527 | Vaults:1 | 43527 ||| Stepping ~*~*~tactically~*~*~ (stealth).
 43538 | Vaults:1 | 43538 ||| Stepping ~*~*~tactically~*~*~ (stealth).
 43585 | Vaults:1 | 43585 ||| Stepping ~*~*~tactically~*~*~ (stealth).
 43651 | Vaults:1 | 43651 ||| INVOKING Trog's Hand.
 43737 | Vaults:1 | You fall into a shaft and drop 1 floor!
 43851 | Vaults:1 | 43851 ||| Stepping ~*~*~tactically~*~*~ (hiding).
 43859 | Vaults:1 | 43859 ||| INVOKING Trog's Hand.
 43896 | Vaults:1 | 43896 ||| Stepping ~*~*~tactically~*~*~ (hiding).
 43994 | Vaults:1 | 43994 ||| Stepping ~*~*~tactically~*~*~ (stealth).
 43998 | Vaults:1 | 43998 ||| Stepping ~*~*~tactically~*~*~ (hiding).
 44186 | Vaults:1 | 44186 ||| Stepping ~*~*~tactically~*~*~ (stealth).
 44305 | Vaults:1 | 44305 ||| INVOKING Berserk.
 44471 | Vaults:1 | 44471 ||| Stepping ~*~*~tactically~*~*~ (hiding).
 44472 | Vaults:1 | 44472 ||| Stepping ~*~*~tactically~*~*~ (hiding).
 44473 | Vaults:1 | 44473 ||| Stepping ~*~*~tactically~*~*~ (hiding).
 44477 | Vaults:1 | 44477 ||| Stepping ~*~*~tactically~*~*~ (hiding).
 44480 | Vaults:1 | 44480 ||| Stepping ~*~*~tactically~*~*~ (hiding).
 44488 | Vaults:1 | 44488 ||| Stepping ~*~*~tactically~*~*~ (hiding).
 44491 | Vaults:1 | 44491 ||| Stepping ~*~*~tactically~*~*~ (hiding).
 44649 | Vaults:1 | 44649 ||| INVOKING Berserk.
 44937 | Vaults:2 | Received a gift from Trog
 45041 | Vaults:2 | Found a portal to a secret trove of treasure.
 45202 | Vaults:2 | 45202 ||| Stepping ~*~*~tactically~*~*~ (hiding).
 45204 | Vaults:2 | 45204 ||| Stepping ~*~*~tactically~*~*~ (hiding).
 45284 | Vaults:2 | Reached skill level 23 in Fighting
 45292 | Vaults:2 | 45292 ||| DROPPING amulet of guardian spirit.
 45293 | Vaults:2 | 45293 ||| DROPPING ring of flight.
 45294 | Vaults:2 | 45294 ||| READING 10 scrolls of teleportation.
 45544 | Vaults:2 | 45544 ||| Stepping ~*~*~tactically~*~*~ (stealth).
 45587 | Vaults:2 | 45587 ||| Stepping ~*~*~tactically~*~*~ (hiding).
 45600 | Vaults:2 | 45600 ||| Stepping ~*~*~tactically~*~*~ (stealth).
 45614 | Vaults:2 | 45614 ||| FLEEEEING.
 45615 | Vaults:2 | 45615 ||| FLEEEEING.
 45616 | Vaults:2 | 45616 ||| FLEEEEING.
 45617 | Vaults:2 | 45617 ||| FLEEEEING.
 45618 | Vaults:2 | 45618 ||| FLEEEEING.
 45619 | Vaults:2 | 45619 ||| FLEEEEING.
 45620 | Vaults:2 | 45620 ||| FLEEEEING.
 45621 | Vaults:2 | 45621 ||| FLEEEEING.
 45624 | Vaults:2 | 45624 ||| FLEEEEING.
 45625 | Vaults:2 | 45625 ||| FLEEEEING.
 45626 | Vaults:2 | 45626 ||| FLEEEEING.
 45627 | Vaults:2 | 45627 ||| FLEEEEING.
 45628 | Vaults:2 | 45628 ||| FLEEEEING.
 45629 | Vaults:2 | 45629 ||| FLEEEEING.
 45630 | Vaults:2 | 45630 ||| FLEEEEING.
 45631 | Vaults:2 | 45631 ||| FLEEEEING.
 45632 | Vaults:2 | 45632 ||| FLEEEEING.
 45633 | Vaults:2 | 45633 ||| FLEEEEING.
 45634 | Vaults:2 | 45634 ||| FLEEEEING.
 45635 | Vaults:2 | 45635 ||| FLEEEEING.
 45636 | Vaults:2 | 45636 ||| FLEEEEING.
 45637 | Vaults:2 | 45637 ||| FLEEEEING.
 45638 | Vaults:2 | 45638 ||| FLEEEEING.
 45639 | Vaults:2 | 45639 ||| FLEEEEING.
 45640 | Vaults:2 | 45640 ||| FLEEEEING.
 45644 | Vaults:2 | 45644 ||| STAIRDANCE
 45715 | Vaults:2 | 45715 ||| Stepping ~*~*~tactically~*~*~ (stealth).
 45915 | Vaults:2 | 45915 ||| Stepping ~*~*~tactically~*~*~ (hiding).
 46009 | Vaults:2 | Found a staircase to the Crypt.
 46086 | Vaults:2 | 46086 ||| INVOKING Berserk.
 46222 | Vaults:2 | 46222 ||| INVOKING Brothers in Arms.
 46226 | Vaults:2 | 46226 ||| INVOKING Berserk.
 46425 | Vaults:2 | 46425 ||| Stepping ~*~*~tactically~*~*~ (hiding).
 46511 | Vaults:2 | 46511 ||| INVOKING Brothers in Arms.
 46573 | Vaults:3 | 46573 ||| INVOKING Trog's Hand.
 46585 | Vaults:3 | 46585 ||| Stepping ~*~*~tactically~*~*~ (stealth).
 46598 | Vaults:3 | 46598 ||| INVOKING Berserk.
 46745 | Vaults:3 | 46745 ||| READING scroll of enchant weapon.
 46745 | Vaults:3 | 46745 ||| ENCHANTING +2 vampiric war axe.
 46813 | Vaults:3 | 46813 ||| INVOKING Trog's Hand.
 46849 | Vaults:3 | 46849 ||| Stepping ~*~*~tactically~*~*~ (hiding).
 46856 | Vaults:3 | 46856 ||| Stepping ~*~*~tactically~*~*~ (hiding).
 46875 | Vaults:3 | 46875 ||| Stepping ~*~*~tactically~*~*~ (stealth).
 46878 | Vaults:3 | 46878 ||| Stepping ~*~*~tactically~*~*~ (hiding).
 46883 | Vaults:3 | 46883 ||| Stepping ~*~*~tactically~*~*~ (hiding).
 46920 | Vaults:3 | 46920 ||| Stepping ~*~*~tactically~*~*~ (stealth).
 46971 | Vaults:3 | 46971 ||| Stepping ~*~*~tactically~*~*~ (stealth).
 46981 | Vaults:3 | 46981 ||| INVOKING Trog's Hand.
 46984 | Vaults:3 | 46984 ||| INVOKING Berserk.
 47092 | Vaults:3 | 47092 ||| INVOKING Trog's Hand.
 47118 | Vaults:3 | 47118 ||| Stepping ~*~*~tactically~*~*~ (stealth).
 47126 | Vaults:3 | 47126 ||| INVOKING Berserk.
 47131 | Vaults:3 | HP: 66/292 [ironbound frostheart/creeping frost (12)]
 47137 | Vaults:3 | HP: 58/292 [ironbound frostheart/creeping frost (22)]
 47144 | Vaults:3 | Reached XP level 20. HP: 101/203 MP: 19/19
 47149 | Vaults:3 | 47149 ||| INVOKING Trog's Hand.
 47150 | Vaults:3 | 47150 ||| INVOKING Brothers in Arms.
 47157 | Vaults:3 | 47157 ||| INVOKING Brothers in Arms.
 47160 | Vaults:3 | Reached skill level 21 in Armour
 47182 | Vaults:3 | 47182 ||| FLEEEEING.
 47183 | Vaults:3 | 47183 ||| FLEEEEING.
 47184 | Vaults:3 | 47184 ||| FLEEEEING.
 47186 | Vaults:3 | 47186 ||| FLEEEEING.
 47187 | Vaults:3 | 47187 ||| FLEEEEING.
 47188 | Vaults:3 | 47188 ||| FLEEEEING.
 47189 | Vaults:3 | 47189 ||| FLEEEEING.
 47190 | Vaults:3 | 47190 ||| FLEEEEING.
 47191 | Vaults:3 | 47191 ||| FLEEEEING.
 47192 | Vaults:3 | 47192 ||| FLEEEEING.
 47203 | Vaults:3 | 47203 ||| FLEEEEING.
 47204 | Vaults:3 | 47204 ||| FLEEEEING.
 47205 | Vaults:3 | 47205 ||| FLEEEEING.
 47206 | Vaults:3 | 47206 ||| FLEEEEING.
 47372 | Vaults:3 | 47372 ||| INVOKING Trog's Hand.
 47692 | Vaults:3 | 47692 ||| Stepping ~*~*~tactically~*~*~ (hiding).
 47707 | Vaults:3 | Noticed Jory
 47761 | Vaults:3 | 47761 ||| INVOKING Berserk.
 47767 | Vaults:3 | HP: 70/304 [Jory/vampiric draining (19)]
 47776 | Vaults:3 | HP: 53/304 [Jory/+1 great sword of protection (12)]
 47777 | Vaults:3 | Killed Jory
 47829 | Vaults:3 | 47829 ||| FLEEEEING.
 47838 | Vaults:3 | 47838 ||| Stepping ~*~*~tactically~*~*~ (stealth).
 47840 | Vaults:3 | 47840 ||| FLEEEEING.
 47843 | Vaults:3 | 47843 ||| INVOKING Berserk.
 48201 | Vaults:3 | 48201 ||| INVOKING Trog's Hand.
 48247 | Vaults:3 | 48247 ||| Stepping ~*~*~tactically~*~*~ (stealth).
 48284 | Vaults:3 | 48284 ||| Stepping ~*~*~tactically~*~*~ (hiding).
 48442 | Vaults:3 | 48442 ||| Stepping ~*~*~tactically~*~*~ (stealth).
 48443 | Vaults:3 | 48443 ||| Stepping ~*~*~tactically~*~*~ (hiding).
 48461 | Vaults:3 | 48461 ||| Stepping ~*~*~tactically~*~*~ (stealth).
 48574 | Vaults:3 | 48574 ||| UPGRADING to +2 kite shield.
 48584 | Vaults:3 | 48584 ||| DROPPING +0 kite shield.
 48613 | Vaults:4 | 48613 ||| INVOKING Trog's Hand.
 48614 | Vaults:4 | 48614 ||| STAIRDANCE
 48666 | Vaults:4 | 48666 ||| INVOKING Trog's Hand.
 48768 | Vaults:4 | 48768 ||| INVOKING Trog's Hand.
 48810 | Vaults:4 | Reached skill level 24 in Fighting
 48827 | Vaults:4 | 48827 ||| Stepping ~*~*~tactically~*~*~ (stealth).
 48830 | Vaults:4 | 48830 ||| Stepping ~*~*~tactically~*~*~ (stealth).
 48831 | Vaults:4 | 48831 ||| Stepping ~*~*~tactically~*~*~ (stealth).
 48832 | Vaults:4 | 48832 ||| Stepping ~*~*~tactically~*~*~ (stealth).
 48834 | Vaults:4 | 48834 ||| Stepping ~*~*~tactically~*~*~ (hiding).
 48836 | Vaults:4 | 48836 ||| Stepping ~*~*~tactically~*~*~ (stealth).
 48840 | Vaults:4 | 48840 ||| Stepping ~*~*~tactically~*~*~ (stealth).
 48852 | Vaults:4 | Received a gift from Trog
 48860 | Vaults:4 | 48860 ||| Stepping ~*~*~tactically~*~*~ (stealth).
 48862 | Vaults:4 | 48862 ||| Stepping ~*~*~tactically~*~*~ (stealth).
 48865 | Vaults:4 | 48865 ||| INVOKING Trog's Hand.
 48889 | Vaults:4 | 48889 ||| Stepping ~*~*~tactically~*~*~ (hiding).
 48921 | Vaults:4 | 48921 ||| Stepping ~*~*~tactically~*~*~ (stealth).
 49142 | Vaults:4 | 49142 ||| Stepping ~*~*~tactically~*~*~ (hiding).
 49152 | Vaults:4 | Reached skill level 12 in Throwing
 49360 | Vaults:4 | 49360 ||| INVOKING Trog's Hand.
 49399 | Vaults:4 | 49399 ||| Stepping ~*~*~tactically~*~*~ (stealth).
 49402 | Vaults:4 | 49402 ||| Stepping ~*~*~tactically~*~*~ (stealth).
 49406 | Vaults:4 | 49406 ||| Stepping ~*~*~tactically~*~*~ (stealth).
 49414 | Vaults:4 | 49414 ||| Stepping ~*~*~tactically~*~*~ (stealth).
 49447 | Vaults:4 | 49447 ||| READING scroll of enchant weapon.
 49447 | Vaults:4 | 49447 ||| ENCHANTING +3 vampiric war axe.
 49582 | Vaults:4 | Found Pacetoadgh's Antique Weapon Emporium.
 49594 | Vaults:4 | 49594 ||| INVOKING Trog's Hand.
 49617 | Vaults:4 | 49617 ||| INVOKING Berserk.
 49636 | Vaults:4 | 49636 ||| INVOKING Brothers in Arms.
 49641 | Vaults:4 | 49641 ||| INVOKING Trog's Hand.
 49668 | Vaults:4 | 49668 ||| Stepping ~*~*~tactically~*~*~ (stealth).
 49984 | Vaults:4 | Received a gift from Trog
 50088 | Vaults:4 | 50088 ||| Stepping ~*~*~tactically~*~*~ (stealth).
 50090 | Vaults:4 | 50090 ||| Stepping ~*~*~tactically~*~*~ (hiding).
 50092 | Vaults:4 | 50092 ||| Stepping ~*~*~tactically~*~*~ (hiding).
 50104 | Vaults:4 | 50104 ||| INVOKING Berserk.
 50374 | Vaults:4 | 50374 ||| READING 3 scrolls of enchant armour.
 50374 | Vaults:4 | 50374 ||| ENCHANTING +5 plate armour of willpower.
 50375 | Vaults:4 | 50375 ||| READING 2 scrolls of enchant armour.
 50375 | Vaults:4 | 50375 ||| ENCHANTING +6 plate armour of willpower.
 50376 | Vaults:4 | 50376 ||| READING scroll of enchant armour.
 50376 | Vaults:4 | 50376 ||| ENCHANTING +7 plate armour of willpower.
 50491 | Vaults:4 | 50491 ||| Stepping ~*~*~tactically~*~*~ (hiding).
 50492 | Vaults:4 | 50492 ||| Stepping ~*~*~tactically~*~*~ (hiding).
 50510 | Vaults:4 | 50510 ||| UPGRADING to +0 tower shield.
 50511 | Vaults:4 | 50511 ||| UPGRADING to +0 tower shield.
 50521 | Vaults:4 | 50521 ||| DROPPING +2 kite shield.
 50554 | Vaults:4 | 50554 ||| PLANNING SHOALS:4
 50554 | Vaults:4 | 50554 ||| UPGRADING to +2 pair of gloves "Unomedat" {Will-
                  | Int+6}.
 51019 | Shoals:4 | Entered Level 4 of the Shoals
 51027 | Shoals:4 | 51027 ||| Stepping ~*~*~tactically~*~*~ (hiding).
 51107 | Shoals:4 | Reached XP level 21. HP: 215/215 MP: 20/20
 51231 | Shoals:4 | 51231 ||| Stepping ~*~*~tactically~*~*~ (hiding).
 51233 | Shoals:4 | 51233 ||| INVOKING Brothers in Arms.
 51235 | Shoals:4 | 51235 ||| INVOKING Berserk.
 51253 | Shoals:4 | Identified the ring "Vara" {rF- AC+4 Int+2 Stlth+}
 51270 | Shoals:4 | 51270 ||| INVOKING Brothers in Arms.
 51281 | Shoals:4 | Paralysed by an air elemental for 1 turns
 51286 | Shoals:4 | 51286 ||| INVOKING Berserk.
 51287 | Shoals:4 | Paralysed by an air elemental for 1 turns
 51288 | Shoals:4 | HP: 77/322 [drowned by a water nymph (11)]
 51311 | Shoals:4 | 51311 ||| Stepping ~*~*~tactically~*~*~ (stealth).
 51360 | Shoals:4 | 51360 ||| Stepping ~*~*~tactically~*~*~ (stealth).
 51406 | Shoals:4 | 51406 ||| Stepping ~*~*~tactically~*~*~ (stealth).
 51440 | Shoals:4 | 51440 ||| Stepping ~*~*~tactically~*~*~ (stealth).
 51467 | Shoals:4 | 51467 ||| FLEEEEING.
 51468 | Shoals:4 | 51468 ||| FLEEEEING.
 51470 | Shoals:4 | 51470 ||| Stepping ~*~*~tactically~*~*~ (hiding).
 51553 | Shoals:4 | 51553 ||| Stepping ~*~*~tactically~*~*~ (hiding).
 51555 | Shoals:4 | 51555 ||| Stepping ~*~*~tactically~*~*~ (hiding).
 51569 | Shoals:4 | Got a barnacled rune of Zot
 51570 | Shoals:4 | 51570 ||| Stepping ~*~*~tactically~*~*~ (stealth).
 51571 | Shoals:4 | 51571 ||| Stepping ~*~*~tactically~*~*~ (stealth).
 51734 | Shoals:4 | 51734 ||| Stepping ~*~*~tactically~*~*~ (hiding).
 51742 | Shoals:4 | 51742 ||| Stepping ~*~*~tactically~*~*~ (stealth).
 51744 | Shoals:4 | 51744 ||| Stepping ~*~*~tactically~*~*~ (stealth).
 51767 | Shoals:4 | Paralysed by an air elemental for 1 turns
 51774 | Shoals:4 | Paralysed by an air elemental for 1 turns
 51797 | Shoals:4 | 51797 ||| INVOKING Brothers in Arms.
 51798 | Shoals:4 | 51798 ||| Stepping ~*~*~tactically~*~*~ (water).
 51799 | Shoals:4 | 51799 ||| INVOKING Berserk.
 51829 | Shoals:4 | Received a gift from Trog
 52259 | Shoals:4 | 52259 ||| PLANNING DEPTHS
 52259 | Shoals:4 | 52259 ||| DROPPING ring of poison resistance.
 52595 | Depths:1 | Entered Level 1 of the Depths
 52641 | Depths:1 | Reached skill level 21 in Shields
 52657 | Depths:1 | 52657 ||| Stepping ~*~*~tactically~*~*~ (hiding).
 52664 | Depths:1 | Noticed a golden dragon
 52665 | Depths:1 | 52665 ||| INVOKING Brothers in Arms.
 52670 | Depths:1 | 52670 ||| INVOKING Brothers in Arms.
 52671 | Depths:1 | 52671 ||| INVOKING Berserk.
 52675 | Depths:1 | Killed a golden dragon
 52820 | Depths:1 | Found Hibiresk's Magic Scroll Shoppe.
 52826 | Depths:1 | Found Semen's Weapon Shoppe.
 52829 | Depths:1 | 52829 ||| BUYING scroll of teleportation (42 gold).
 52829 | Depths:1 | Bought a scroll of teleportation for 42 gold pieces
 52829 | Depths:1 | 52829 ||| BUYING scroll of teleportation (42 gold).
 52829 | Depths:1 | Bought a scroll of teleportation for 42 gold pieces
 52860 | Depths:1 | 52860 ||| Stepping ~*~*~tactically~*~*~ (hiding).
 52861 | Depths:1 | 52861 ||| Stepping ~*~*~tactically~*~*~ (hiding).
 53102 | Depths:1 | Found a transporter.
 53195 | Depths:1 | 53195 ||| Stepping ~*~*~tactically~*~*~ (stealth).
 53197 | Depths:1 | 53197 ||| Stepping ~*~*~tactically~*~*~ (hiding).
 53287 | Depths:1 | Found a gateway to Hell.
 53351 | Depths:1 | 53351 ||| Stepping ~*~*~tactically~*~*~ (hiding).
 53415 | Depths:1 | Identified the +7 sling "Kelydyge" {freeze, Stlth+}
 53488 | Depths:1 | Identified the +9 short sword of Transmuting Anguish
                  | {spect, Dex+4}
 53532 | Depths:1 | 53532 ||| INVOKING Berserk.
 54006 | Depths:2 | 54006 ||| INVOKING Berserk.
 54046 | Depths:2 | HP: 50/213 [purple very ugly thing (11)]
 54047 | Depths:2 | 54047 ||| READING 14 scrolls of teleportation.
 54047 | Depths:2 | HP: 19/213 [frost giant/+0 battleaxe of freezing (16)]
 54047 | Depths:2 | Mangled by a tengu reaver

Levels and vault maps discovered:
D:1:      minmay_arrival_five_plusses, layout_basic,
          shapermc_ecumenical_altar_venn, minmay_misc_feat_room
D:2:      minmay_diamond_boxcup, layout_rooms, kennysheep_generic_room_14
D:3:      layout_basic, gammafunk_ghost_icy, kennysheep_nondescript, uniq_ijyb
D:4:      layout_rooms, gup_sewer_entry_pipe, serial_shops,
          nicolae_shop_behind_doors, uniq_pikel, uniq_natasha
D:5:      layout_rooms, fedhas_altar_2, lightli_ossuary_entry_decrepit_ruins,
          serial_shops, shop_fountains, minmay_misc_feat_columns, uniq_grinder
D:6:      layout_loops_ring, vehumet_altar_wand_db, minmay_temple_entry_tees
D:7:      wad_crossroads, layout_loops_ring,
          nicolae_uskayaw_murder_on_the_dancefloor, st_stairs_2
D:8:      layout_loops_ring, dpeg_lair_monsters, serial_shops,
          nicolae_inconvenience_store, hangedman_incinerator
D:9:      layout_roguey, chequers_temple_overflow_statue_of_worship,
          uniq_harold, uniq_maurice
D:10:     layout_loops_ring, uniq_grum
D:11:     layout_basic, serial_corexii_hall, chequers_hall_statues_y,
          corexii_hall_statues_l, nzn_wu_jian_contemplation, uniq_psyche,
          uniq_sonja
D:12:     layout_basic, orc_0_dummy, serial_shops, nicolae_shop_hallway_plus,
          okawaru_ov_weapons_minmay
D:13:     layout_stronghold, portal_ice_cave_entry_pillars_2, serial_shops,
          nicolae_shop_bloodbath_and_beyond
D:14:     gammafunk_sealed_arena, layout_basic, david_vaults_4,
          gauntlet_entry_generic, serial_park_square2, hex_intersection,
          onia_ninara_cookie
D:15:     grunt_enter_depths_snipers, layout_long_grid, minmay_librarian
Lair:1:   layout_layer_cave, uniq_nergalle, uniq_gastronok
Lair:2:   layout_roguey, minmay_shoals_entry_centaurs,
          guppyfry_snake_entry_garden, serial_forest,
          infiniplex_forest_clump_long, infiniplex_forest_end_2,
          infiniplex_forest_corner_1, infiniplex_forest_clump_diagonal,
          infiniplex_forest_clump_long, infiniplex_forest_lined_corner,
          infiniplex_forest_end_3, infiniplex_forest_lined_corner,
          uniq_prince_ribbit2, uniq_amaemon
Lair:3:   layout_regular_city, st_stairs_11, serial_bayou_shore_a
Lair:4:   layout_roguey, grunt_megastairs_5, serial_bayou_shore_b
Lair:5:   minmay_lair_end_frog_pond, layout_big_grid,
          minmay_slime_entry_jelly_boxes, basic_altar
Shoals:1: layout_shoals, nicolae_shoals_undead_eyrie, uniq_mlioglotl
Shoals:2: layout_shoals
Shoals:3: layout_shoals, ebering_ghost_davey_jones
Shoals:4: shoals_end_hellmonk_storm_palace [storm_palace_center_ruins,
          storm_palace_corner_narrow, storm_palace_corner_pillars,
          storm_palace_corner_pillars, storm_palace_corner_blocked]
Snake:1:  layout_chambers, basic_altar, nicolae_snake_serpentine_hallways
Snake:2:  layout_onion_interference
Snake:3:  layout_cave_shapes, serial_shops, nicolae_stop_n_shop_2
Snake:4:  grunt_snake_rune_serpentine_throne, layout_gridlike
Orc:1:    dreamdust_dug_too_deep, layout_caves, serial_shops, shop,
          elves_outpost_lemuel
Orc:2:    hellmonk_orc_salted, layout_diamond_mine, mines5_lemuel
Vaults:1: ontoclasm_vaults_gateway, v_misc_14, nicolae_vaults_c_with_doors,
          v_misc_25, vaults_mumra_minichess, grunt_vaults_trifunnel,
          hangedman_vaults_corner_blocks, grunt_vaults_swirl, v_alt_pattern_5,
          nicolae_vaults_what_the_h, vaults_dpeg_ring,
          nicolae_vaults_ring_of_whatevers, nicolae_vaults_little_squares_3,
          nicolae_vaults_yaktaur_gun_rack, layout_vaults_omnicross
Vaults:2: minmay_crypt_entry_simple_plaza, nicolae_vaults_statue_guard,
          v_misc_29, v_rooms_4, vaults_mumra_minichess_inversion,
          nicolae_vaults_theta, nicolae_vaults_shelves_hall,
          layout_vaults_omnigrid, nicolae_trove_entry_columns
Vaults:3: nicolae_vaults_ring_of_whatevers, st_eye,
          nicolae_vaults_little_squares_5, v_misc_2, vaults_room_stairs_pillars,
          ontoclasm_vaults_shuriken, vaults_dpeg_diagonal,
          ontoclasm_vaults_hangar, v_alt_pattern_1, dpeg_vaults_monster_box,
          v_rooms_1, nicolae_vaults_network_periphery, vaults_room_door_ring,
          vaults_standard_mumra_x, vaults_dpeg_cross,
          ontoclasm_vaults_decontamination, layout_vaults_omnibox, uniq_jory
Vaults:4: nicolae_vaults_network_barrier, v_misc_5,
          vaults_room_grunt_arrival_ludios, nicolae_vaults_holding_cells,
          v_misc_2, layout_vaults_chaotic_city, serial_shops,
          nicolae_shop_hallway_stairs
Depths:1: layout_gridlike, lightli_too_deep, minmay_misc_feat_plants,
          nicolae_diode_basic, minmay_shop_star
Depths:2: gammafunk_its_a_trap, layout_small_grid, enter_ziggurat_c,
          pf_hell_entry_great_geh, grunt_pan_entry_in_and_out,
          reono_crystal_passage, minmay_acid_items

Skill      XL: |  1  2  3  4  5  6  7  8  9 10 11 12 13 14 15 16 17 18 19 20 21 |
---------------+----------------------------------------------------------------+-----
Axes           | 4 5 6 7 9 11 13 14 17 18 | 18.0
Fighting       | 4 7 8 9 12 14 16 17 18 20 22 23 24 | 24.4
Throwing       | 1 2 3 9 10 11 12 13 | 13.0
Armour         | 3 4 7 8 10 12 18 19 20 22 | 22.0
Shields        | 2 6 8 11 15 16 17 18 19 21 | 21.8
Dodging        | 4 6 7 8 9 10 12 13 14 | 14.0

Action                   |  1- 3 |  4- 6 |  7- 9 | 10-12 | 13-15 | 16-18 | 19-21 || total
-------------------------+-------+-------+-------+-------+-------+-------+-------++-------
Melee: Hand axe          |    96 |   127 |   124 |   430 |   526 |       |       ||  1303
       Headbutt          |    15 |    19 |    39 |    89 |   261 |   396 |   596 ||  1415
       War axe           |       |       |    91 |       |       |  1147 |  1723 ||  2961
       Punch             |       |       |     1 |       |       |       |       ||     1
       Demon whip        |       |       |       |       |    45 |       |       ||    45
       Broad axe         |       |       |       |       |   512 |   448 |       ||   960
       Unarmed           |       |       |       |       |     4 |       |       ||     4
Throw: Javelin           |       |    21 |    27 |     5 |    20 |   103 |   156 ||   332
       Boomerang         |       |       |       |    31 |    31 |       |     7 ||    69
Invok: Berserk           |     3 |     3 |    14 |    19 |    30 |    34 |    17 ||   120
       Trog's Hand       |       |       |     1 |       |     6 |    10 |    18 ||    35
       Brothers in Arms  |       |       |       |       |     5 |    11 |    10 ||    26
  Use: Scroll            |     2 |     3 |    10 |     9 |     8 |     4 |     7 ||    43
       Potion            |       |     2 |     3 |     3 |     3 |     2 |       ||    13
 Stab: Distracted        |       |       |     1 |       |       |     2 |       ||     3
Armor: Animal skin       |     4 |       |       |       |       |       |       ||     4
       Leather armour    |    11 |    11 |       |       |       |       |       ||    22
       Chain mail        |       |    47 |    61 |       |       |       |       ||   108
       Plate armour      |       |       |    29 |    63 |       |   532 |   677 ||  1301
       Ring mail         |       |       |       |    87 |   358 |    78 |       ||   523
       Skin              |       |       |       |       |     1 |       |       ||     1
Dodge: Dodged            |    56 |    52 |    38 |   121 |   362 |   370 |   546 ||  1545
Block: Buckler           |       |       |     6 |    55 |       |       |       ||    61
       Kite shield       |       |       |       |    42 |   661 |  1176 |   968 ||  2847
       Reflection        |       |       |       |       |    24 |   123 |    92 ||   239
       Tower shield      |       |       |       |       |       |       |   528 ||   528

Table legend:
 A = Non-vault XP
 B = Vault XP
 C = Vault XP percentage of total XP
 D = Non-vault monster count
 E = Vault monster count
 F = Vault count percentage of total count
                 A         B        C        D         E       F
            +---------+---------+-------+---------+---------+-------
      Total |  439321 |  225836 |  34.0 |    1086 |     530 |  32.8
            +---------+---------+-------+---------+---------+-------
        D:1 |      25 |       0 |   0.0 |      18 |       0 |   0.0
        D:2 |      44 |      21 |  32.3 |      17 |       8 |  32.0
        D:3 |     144 |      38 |  20.9 |      23 |       1 |   4.2
        D:4 |     249 |     682 |  73.3 |      15 |      10 |  40.0
        D:5 |     649 |     267 |  29.1 |      16 |       1 |   5.9
        D:6 |     947 |       2 |   0.2 |      23 |       1 |   4.2
        D:7 |    1906 |     492 |  20.5 |      26 |       8 |  23.5
        D:8 |    1488 |    5255 |  77.9 |      22 |      13 |  37.1
        D:9 |    2831 |    1368 |  32.6 |      36 |       2 |   5.3
       D:10 |    2277 |     517 |  18.5 |       6 |       4 |  40.0
       D:11 |    6033 |    1137 |  15.9 |      24 |       2 |   7.7
       D:12 |    7374 |       0 |   0.0 |      22 |       0 |   0.0
       D:13 |    8355 |       0 |   0.0 |      18 |       0 |   0.0
       D:14 |   24418 |    8571 |  26.0 |      51 |      22 |  30.1
       D:15 |    8357 |    3427 |  29.1 |      18 |       4 |  18.2
     Lair:1 |    6797 |    2260 |  25.0 |      20 |       2 |   9.1
     Lair:2 |    7598 |    3383 |  30.8 |      24 |      12 |  33.3
     Lair:3 |    5766 |       0 |   0.0 |      24 |       0 |   0.0
     Lair:4 |    6534 |     507 |   7.2 |      22 |       2 |   8.3
     Lair:5 |   17889 |   10884 |  37.8 |      46 |      56 |  54.9
   Shoals:1 |   15065 |    3160 |  17.3 |      34 |       6 |  15.0
   Shoals:2 |    4406 |       0 |   0.0 |       9 |       0 |   0.0
   Shoals:3 |   14883 |       0 |   0.0 |      30 |       0 |   0.0
   Shoals:4 |   10105 |   24488 |  70.8 |      22 |      52 |  70.3
    Snake:1 |   23270 |       0 |   0.0 |      50 |       0 |   0.0
    Snake:2 |   17698 |       0 |   0.0 |      35 |       0 |   0.0
    Snake:3 |   12721 |       0 |   0.0 |      30 |       0 |   0.0
    Snake:4 |   17048 |   25803 |  60.2 |      37 |      39 |  51.3
      Orc:1 |    2509 |    6032 |  70.6 |      32 |      10 |  23.8
      Orc:2 |    4178 |   13441 |  76.3 |      44 |      54 |  55.1
   Vaults:1 |   43488 |   37902 |  46.6 |      65 |      57 |  46.7
   Vaults:2 |   18036 |   15584 |  46.4 |      23 |      24 |  51.1
   Vaults:3 |   25327 |   31835 |  55.7 |      40 |      44 |  52.4
   Vaults:4 |   55391 |   19942 |  26.5 |      72 |      28 |  28.0
   Depths:1 |   34418 |    2409 |   6.5 |      43 |       3 |   6.5
   Depths:2 |   10289 |       0 |   0.0 |      12 |       0 |   0.0
    Abyss:2 |   20808 |       0 |   0.0 |      37 |       0 |   0.0
      Sewer |       0 |     394 | 100.0 |       0 |      50 | 100.0
   Gauntlet |       0 |    6035 | 100.0 |       0 |      15 | 100.0
            +---------+---------+-------+---------+---------+-------
